Workbook

Sheet Лист2
B3: Перечень федеральных бюджетных и федеральных автономных учреждений, получивших субсидии на выполнение государственного задания на оказание государственных услуг (выполнение работ) в 2014 году и не разместивших на Официальном сайте ГМУ информацию о государственном задании на оказание государственных услуг (выполнение работ) на 2014 год по состоянию на 19.07.2014
A5: № п/п | B5: Реестровый номер в перечне ГМУ | C5: Основные реквизиты учреждения | M5: Информация о регистрации и размещении сведений на Официальном сайте | O5: Код ТОФК | P5: Наименование ТФОК
C6: Полное наименование | D6: Сокращенное наименование | E6: Статус учреждения в перечне ГМУ | F6: ИНН | G6: КПП | H6: ОГРН | I6: Главный распорядитель бюджетных средств | K6: Тип организации | L6: Код главы ГРБС (Первые три символа КБК) | M6: Общая информация | N6: Информация о государственном задании на оказание государственных услуг (выполнение работ) на 2014 год
I7: Реестровый номер организации в перечне ГМУ | J7: Полное наименование организации
A8: 1 | B8: 2 | C8: 3 | D8: 4 | E8: 5 | F8: 6 | G8: 7 | H8: 8 | I8: 9 | J8: 10 | K8: 11 | L8: 12 | M8: 13 | N8: 14 | O8: 15 | P8: 16
A9: 1 | B9: 0376100000065 | C9: федеральное государственное бюджетное образовательное учреждение высшего профессионального образования "Адыгейский государственный университет" | D9: ФГБОУ ВПО "АГУ" | E9: 801 - включена | F9: 0105017636 | G9: 010501001 | H9: 1020100698750 | K9: 10 - автономное учреждение | M9: 39939 | O9: 7600 | P9: Управление Федерального казначейства по Республике Адыгея (Адыгея)
A10: 2 | B10: 0876100000017 | C10: федеральное государственное бюджетное учреждение "Управление мелиорации земель и сельскохозяйственного водоснабжения по Республике Адыгея" | D10: ФГБУ "Управление "Адыгеямелиоводхоз" | E10: 801 - включена | F10: 0105022178 | G10: 010501001 | H10: 1020100697100 | I10: 0173100000098 | J10: Федеральное агентство воздушного транспорта | K10: 10 - автономное учреждение | M10: 39960 | O10: 7600 | P10: Управление Федерального казначейства по Республике Адыгея (Адыгея)
A11: 3 | B11: 0376100000007 | C11: Федеральное бюджетное учреждение здравоохранения "Центр гигиены и эпидемиологии в Республике Адыгея" | D11: ФБУЗ "Центр гигиены и эпидемиологии в Республике Адыгея" | E11: 801 - включена | F11: 0105044421 | G11: 010501001 | H11: 1050100534890 | I11: 0173100000123 | J11: Федеральное дорожное агентство | K11: 10 - автономное учреждение | M11: 39966 | O11: 7600 | P11: Управление Федерального казначейства по Республике Адыгея (Адыгея)
A12: 4 | B12: 0301100000241 | C12: Федеральное государственное бюджетное учреждение "Государственный природный заповедник "Шульган-Таш" | D12: ФГБУ "Государственный заповедник "Шульган-таш" | E12: 801 - включена | F12: 0218000136 | G12: 021801001 | H12: 1030202047875 | I12: 0173100000135 | J12: Министерство обороны Российской Федерации | K12: 08 - казенное учреждение | O12: 0100 | P12: Управление Федерального казначейства по Республике Башкортостан
A13: 5 | B13: 0301100000475 | C13: Столовая федерального государственного бюджетного образовательного учреждения высшего профессионального образования "Башкирский государственный университет" | D13: Cтоловая БашГУ | E13: 801 - включена | F13: 0274011237 | G13: 027402001 | H13: 1030203895193 | I13: 0373100000615 | J13: Министерство внутренних дел Российской Федерации | K13: 08 - казенное учреждение | L13: 188 | M13: 40032 | O13: 0100 | P13: Управление Федерального казначейства по Республике Башкортостан
A14: 6 | B14: 0301100000182 | C14: ФЕДЕРАЛЬНОЕ ГОСУДАРСТВЕННОЕ БЮДЖЕТНОЕ ОБРАЗОВАТЕЛЬНОЕ УЧРЕЖДЕНИЕ ВЫСШЕГО ПРОФЕССИОНАЛЬНОГО ОБРАЗОВАНИЯ "УФИМСКИЙ ГОСУДАРСТВЕННЫЙ АВИАЦИОННЫЙ ТЕХНИЧЕСКИЙ УНИВЕРСИТЕТ" | D14: ФГБОУ ВПО "УГАТУ", УГАТУ | E14: 801 - включена | F14: 0274023747 | G14: 027401001 | H14: 1030203899527 | I14: 0373100000615 | J14: Министерство внутренних дел Российской Федерации | K14: 08 - казенное учреждение | L14: 188 | M14: 39889 | O14: 0100 | P14: Управление Федерального казначейства по Республике Башкортостан
A15: 7 | B15: 0301100000461 | C15: Столовая федерального государственного бюджетного образовательного учреждения высшего профессионального образования "Башкирский государственный педагогический университет им. М.Акмуллы" | D15: Столовая ФГБОУ ВПО "БГПУ им. М.Акмуллы" | E15: 801 - включена | F15: 0274035573 | G15: 027402003 | H15: 1020202554778 | I15: 0373100000615 | J15: Министерство внутренних дел Российской Федерации | K15: 08 - казенное учреждение | L15: 188 | M15: 39967 | O15: 0100 | P15: Управление Федерального казначейства по Республике Башкортостан
A16: 8 | B16: 0301100000426 | C16: федеральное бюджетное учреждение Башкирская лаборатория судебной экспертизы Министерства юстиции Российской Федерации | D16: ФБУ Башкирская ЛСЭ Минюста России | E16: 801 - включена | F16: 0276013335 | G16: 027601001 | H16: 1020202853330 | I16: 0173100000062 | J16: Министерство внутренних дел Российской Федерации | K16: 08 - казенное учреждение | L16: 188 | M16: 39742 | O16: 0100 | P16: Управление Федерального казначейства по Республике Башкортостан
A17: 9 | B17: 0301100000088 | C17: ФЕДЕРАЛЬНОЕ ГОСУДАРСТВЕННОЕ БЮДЖЕТНОЕ УЧРЕЖДЕНИЕ НАУКИ ИНСТИТУТ НЕФТЕХИМИИ И КАТАЛИЗА РОССИЙСКОЙ АКАДЕМИИ НАУК | D17: ИНК РАН | E17: 801 - включена | F17: 0277011683 | G17: 027701001 | H17: 1020203083944 | I17: 0373100000615 | J17: Министерство внутренних дел Российской Федерации | K17: 08 - казенное учреждение | L17: 188 | M17: 40036 | O17: 0100 | P17: Управление Федерального казначейства по Республике Башкортостан
A18: 10 | B18: 0302100000040 | C18: Федеральное государственное бюджетное учреждение "Байкальский государственный природный биосферный заповедник" | D18: ФГБУ "Байкальский государственный заповедник" | E18: 801 - включена | F18: 0309004681 | G18: 030901001 | H18: 1020300666891 | I18: 0373100000615 | J18: Министерство внутренних дел Российской Федерации | K18: 08 - казенное учреждение | L18: 188 | M18: 40018 | O18: 0200 | P18: Управление Федерального казначейства по Республике Бурятии
A19: 11 | B19: 0302100000020 | C19: федеральное бюджетное учреждение Забайкальская лаборатория судебной экспертизы Министерства юстиции Российской Федерации | D19: ФБУ Забайкальская ЛСЭ Минюста России | E19: 801 - включена | F19: 0323026609 | G19: 032601001 | H19: 1020300963760 | I19: 0373100000615 | J19: Министерство внутренних дел Российской Федерации | K19: 08 - казенное учреждение | L19: 188 | M19: 40339 | O19: 0200 | P19: Управление Федерального казначейства по Республике Бурятии
A20: 12 | B20: 0302100000092 | C20: ФЕДЕРАЛЬНОЕ ГОСУДАРСТВЕННОЕ БЮДЖЕТНОЕ ОБРАЗОВАТЕЛЬНОЕ УЧРЕЖДЕНИЕ ВЫСШЕГО ПРОФЕССИОНАЛЬНОГО ОБРАЗОВАНИЯ "ВОСТОЧНО-СИБИРСКИЙ ГОСУДАРСТВЕННЫЙ УНИВЕРСИТЕТ ТЕХНОЛОГИЙ И УПРАВЛЕНИЯ" | D20: ФГБОУ ВПО "ВСГУТУ" | E20: 801 - включена | F20: 0323060215 | G20: 032301001 | H20: 1020300905162 | I20: 0373100000615 | J20: Министерство внутренних дел Российской Федерации | K20: 08 - казенное учреждение | L20: 188 | M20: 40368 | O20: 0200 | P20: Управление Федерального казначейства по Республике Бурятии
A21: 13 | B21: 0302100000210 | C21: федеральное государственное бюджетное специальное учебно-воспитательное учреждение для детей и подростков с девиантным поведением "Специальное профессиональное училище № 1 закрытого типа г. Улан-Удэ Республики Бурятия" | D21: Улан-Удэнское спец. ПУ | E21: 801 - включена | F21: 0323085192 | G21: 032301001 | H21: 1020300903710 | I21: 0373100000615 | J21: Министерство внутренних дел Российской Федерации | K21: 08 - казенное учреждение | L21: 188 | M21: 40263 | O21: 0200 | P21: Управление Федерального казначейства по Республике Бурятии
A22: 14 | B22: 0302100000023 | C22: Федеральное государственное бюджетное учреждение дошкольного образования - детский сад комбинированного вида № 53 Сибирского отделения Российской академии наук | D22: ДОУ № 53 СО РАН | E22: 801 - включена | F22: 0323115270 | G22: 032301001 | H22: 1020300891467 | I22: 0373100000615 | J22: Министерство внутренних дел Российской Федерации | K22: 08 - казенное учреждение | L22: 188 | M22: 39900 | O22: 0200 | P22: Управление Федерального казначейства по Республике Бурятии
A23: 15 | B23: 0377100000076 | C23: ФЕДЕРАЛЬНОЕ ГОСУДАРСТВЕННОЕ БЮДЖЕТНОЕ УЧРЕЖДЕНИЕ "НАЦИОНАЛЬНЫЙ ПАРК "САЙЛЮГЕМСКИЙ" | D23: ФГБУ "НАЦИОНАЛЬНЫЙ ПАРК "САЙЛЮГЕМСКИЙ" | E23: 801 - включена | F23: 0404009182 | G23: 040401001 | H23: 1130404000792 | I23: 0173100000062 | J23: Министерство внутренних дел Российской Федерации | K23: 08 - казенное учреждение | L23: 188 | M23: 40145 | O23: 7700 | P23: Управление Федерального казначейства по Республике Алтай
A24: 16 | B24: 0377100000014 | C24: Федеральное государственное бюджетное учреждение "Государственный природный биосферный заповедник "Катунский" | D24: ФГБУ "Государственный заповедник "Катунский" | E24: 801 - включена | F24: 0406000308 | G24: 040601001 | H24: 1020400563886 | I24: 0373100000615 | J24: Министерство внутренних дел Российской Федерации | K24: 08 - казенное учреждение | L24: 188 | M24: 40002 | O24: 7700 | P24: Управление Федерального казначейства по Республике Алтай
A25: 17 | B25: 0303100000083 | C25: федеральное государственное бюджетное учреждение "Дирекция строящихся сельскохозяйственных, мелиоративных и водохозяйственных объектов в Республике Дагестан" | D25: ФГБУ "Дагсельхозмелиоводстрой" | E25: 801 - включена | F25: 0541000230 | G25: 057201001 | H25: 1020502628915 | I25: 0173100000107 | J25: Федеральная служба исполнения наказаний | K25: 08 - казенное учреждение | L25: 320 | M25: 39924 | O25: 0300 | P25: Управление Федерального казначейства по Республике Дагестан
A26: 18 | B26: 0303100000052 | C26: Федеральное государственное научное учреждение "Институт национальных проблем в образовании" Российской академии образования | D26: ФГНУ ИНПО РАО | E26: 801 - включена | F26: 0541025475 | G26: 057101001 | H26: 1020502629696 | I26: 0173100000107 | J26: Федеральная служба исполнения наказаний | K26: 08 - казенное учреждение | O26: 0311 | P26: Управление Федерального казначейства по Республике Дагестан
A27: 19 | B27: 0303100000043 | C27: федеральное государственное бюджетное учреждение "Западно-Каспийское бассейновое управление по рыболовству и сохранению водных биологических ресурсов" | D27: ФГБУ "Запкаспрыбвод" | E27: 801 - включена | F27: 0560008210 | G27: 057301001 | H27: 1020502458030 | I27: 0173100000140 | J27: Министерство Российской Федерации по делам гражданской обороны, чрезвычайным ситуациям и ликвидации последствий стихийных бедствий | K27: 08 - казенное учреждение | L27: 177 | M27: 40281 | O27: 0300 | P27: Управление Федерального казначейства по Республике Дагестан
A28: 20 | B28: 0303100000001 | C28: федеральное бюджетное учреждение Дагестанская лаборатория судебной экспертизы Министерства юстиции Российской Федерации | D28: ФБУ Дагестанская ЛСЭ Минюста России | E28: 801 - включена | F28: 0560015063 | G28: 057301001 | H28: 1020502458503 | I28: 0173100000088 | J28: Министерство энергетики Российской Федерации | K28: 08 - казенное учреждение | L28: 022 | M28: 39917 | O28: 0311 | P28: Управление Федерального казначейства по Республике Дагестан
A29: 21 | B29: 0303100000008 | C29: ФЕДЕРАЛЬНОЕ ГОСУДАРСТВЕННОЕ БЮДЖЕТНОЕ ОБРАЗОВАТЕЛЬНОЕ УЧРЕЖДЕНИЕ ДОПОЛНИТЕЛЬНОГО ПРОФЕССИОНАЛЬНОГО ОБРАЗОВАНИЯ СПЕЦИАЛИСТОВ "ДАГЕСТАНСКИЙ ИНСТИТУТ ПОВЫШЕНИЯ КВАЛИФИКАЦИИ КАДРОВ АПК" | D29: ФГБОУ ДПОС ДИПКК АПК | E29: 801 - включена | F29: 0560019420 | G29: 057201001 | H29: 1020502460990 | I29: 0173100000107 | J29: Федеральная служба исполнения наказаний | K29: 08 - казенное учреждение | L29: 320 | M29: 40362 | O29: 0311 | P29: Управление Федерального казначейства по Республике Дагестан
A30: 22 | B30: 0303100000114 | C30: Федеральное государственное бюджетное учреждение по водному хозяйству "Дагводресурсы" | D30: ФГУ "Дагводресурсы" | E30: 801 - включена | F30: 0560020546 | G30: 057001001 | H30: 1020502461308 | I30: 0173100000107 | J30: Федеральная служба исполнения наказаний | K30: 08 - казенное учреждение | L30: 320 | M30: 40048 | O30: 0311 | P30: Управление Федерального казначейства по Республике Дагестан
A31: 23 | B31: 0395100004376 | C31: ФЕДЕРАЛЬНОЕ ГОСУДАРСТВЕННОЕ БЮДЖЕТНОЕ УЧРЕЖДЕНИЕ "МИНИСТЕРСТВО МЕЛИОРАЦИИ ЗЕМЕЛЬ И СЕЛЬСКОХОЗЯЙСТВЕННОГО ВОДОСНАБЖЕНИЯ РЕСПУБЛИКИ ДАГЕСТАН" | D31: ФГБУ "МИНМЕЛИОВОДХОЗ РД" | E31: 801 - включена | F31: 0560022374 | G31: 057301001 | H31: 1020502457821 | I31: 0173100000107 | J31: Федеральная служба исполнения наказаний | K31: 08 - казенное учреждение | L31: 320 | M31: 40053 | O31: 0300 | P31: Управление Федерального казначейства по Республике Дагестан
A32: 24 | B32: 0303100000160 | C32: Федеральное бюджетное учреждение здравоохранения "Центр гигиены и эпидемиологии в Республике Дагестан" | D32: ФБУЗ "Центр гигиены и эпидемиологии в Республике Дагестан" | E32: 801 - включена | F32: 0560029186 | G32: 057001001 | H32: 1050560002041 | I32: 0173100000062 | J32: Министерство внутренних дел Российской Федерации | K32: 08 - казенное учреждение | L32: 188 | M32: 39487 | O32: 0300 | P32: Управление Федерального казначейства по Республике Дагестан
A33: 25 | B33: 0303100000259 | C33: Государственное научное учреждение Дагестанский научно-исследовательский институт сельского хозяйства Российской академии сельскохозяйственных наук | D33: ГНУ Дагестанский НИИСХ Россельхозакадемии | E33: 801 - включена | F33: 0560205272 | G33: 057001001 | H33: 1020502457788 | I33: 0373100000615 | J33: Министерство внутренних дел Российской Федерации | K33: 08 - казенное учреждение | L33: 188 | M33: 39794 | O33: 0311 | P33: Управление Федерального казначейства по Республике Дагестан
A34: 26 | B34: 0303100000137 | C34: федеральное государственное бюджетное образовательное учреждение высшего профессионального образования "Дагестанский государственный педагогический университет" | D34: ДГПУ | E34: 801 - включена | F34: 0561039211 | G34: 054101001 | H34: 1020502522435 | I34: 0173100000107 | J34: Федеральная служба исполнения наказаний | K34: 08 - казенное учреждение | L34: 320 | M34: 40260 | O34: 0300 | P34: Управление Федерального казначейства по Республике Дагестан
A35: 27 | B35: 0303100000013 | C35: Федеральное государственное бюджетное учреждение "Государственный природный заповедник "Дагестанский" | D35: ФГБУ "Государственный заповедник "Дагестанский" | E35: 801 - включена | F35: 0561039349 | G35: 057101001 | H35: 1020502522281 | I35: 0173100000107 | J35: Федеральная служба исполнения наказаний | K35: 08 - казенное учреждение | L35: 320 | M35: 39969 | O35: 0300 | P35: Управление Федерального казначейства по Республике Дагестан
A36: 28 | B36: 0303100000014 | C36: государственное бюджетное образовательное учреждение высшего профессионального образования "Дагестанская государственная медицинская академия" Министерства здравоохранения Российской Федерации | D36: ГБОУ ВПО ДГМА Минздрава России | E36: 801 - включена | F36: 0562010215 | G36: 054101001 | H36: 1020502631643 | I36: 0373100000615 | J36: Министерство внутренних дел Российской Федерации | K36: 08 - казенное учреждение | L36: 188 | M36: 40057 | O36: 0300 | P36: Управление Федерального казначейства по Республике Дагестан
A37: 29 | B37: 0303100000130 | C37: федеральное государственное бюджетное образовательное учреждение высшего профессионального образования "Дагестанский государственный университет" | D37: ДГУ | E37: 801 - включена | F37: 0562039983 | G37: 054101001 | H37: 1020502631621 | I37: 0173100000107 | J37: Федеральная служба исполнения наказаний | K37: 08 - казенное учреждение | L37: 320 | M37: 40026 | O37: 0300 | P37: Управление Федерального казначейства по Республике Дагестан
A38: 30 | B38: 0303100000025 | C38: Федеральное государственное бюджетное учреждение науки Институт физики им. Х.И. Амирханова Дагестанского научного центра Российской академии наук | D38: ИФ ДНЦ РАН | E38: 801 - включена | F38: 0562044084 | G38: 057201001 | H38: 1020502628695 | I38: 0173100000107 | J38: Федеральная служба исполнения наказаний | K38: 08 - казенное учреждение | L38: 320 | M38: 40024 | O38: 0300 | P38: Управление Федерального казначейства по Республике Дагестан
... A42: 34 | B42: 0314100000075 | C42: ФЕДЕРАЛЬНОЕ ГОСУДАРСТВЕННОЕ БЮДЖЕТНОЕ УЧРЕЖДЕНИЕ "УПРАВЛЕНИЕ МЕЛИОРАЦИИ ЗЕМЕЛЬ И СЕЛЬСКОХОЗЯЙСТВЕННОГО ВОДОСНАБЖЕНИЯ ПО РЕСПУБЛИКЕ ИНГУШЕТИЯ" | D42: ФГБУ "УПРАВЛЕНИЕ "ИНГУШМЕЛИОВОДХОЗ" | E42: 801 - включена | F42: 0603018054 | G42: 060601001 | H42: 1020600812044 | I42: 0173100000135 | J42: Министерство обороны Российской Федерации | K42: 08 - казенное учреждение | L42: 187 | M42: 39556 | O42: 1400 | P42: Управление Федерального казначейства по Республике Ингушетия
A43: 35 | B43: 0314100000073 | C43: ФЕДЕРАЛЬНОЕ ГОСУДАРСТВЕННОЕ БЮДЖЕТНОЕ УЧРЕЖДЕНИЕ "ГОСУДАРСТВЕННЫЙ ПРИРОДНЫЙ ЗАПОВЕДНИК "ЭРЗИ" | D43: ФГБУ "ГОСУДАРСТВЕННЫЙ ЗАПОВЕДНИК "ЭРЗИ" | E43: 801 - включена | F43: 0606006219 | G43: 060601001 | H43: 1020600986878 | I43: 0373100000615 | J43: Министерство внутренних дел Российской Федерации | K43: 08 - казенное учреждение | O43: 1400 | P43: Управление Федерального казначейства по Республике Ингушетия
A44: 36 | B44: 0304100000060 | C44: федеральное государственное учреждение "Пансионат " Эдельвейс" Управления делами Президента Российской Федерации | D44: ФГУ "Пансионат "Эдельвейс" | E44: 801 - включена | F44: 0710002588 | G44: 071001001 | H44: 1020700712680 | I44: 0173100000135 | J44: Министерство обороны Российской Федерации | K44: 08 - казенное учреждение | O44: 0400 | P44: Управление Федерального казначейства по Кабардино-Балкарской Республике
A45: 37 | B45: 0304100000159 | C45: ФЕДЕРАЛЬНОЕ ГОСУДАРСТВЕННОЕ БЮДЖЕТНОЕ УЧРЕЖДЕНИЕ "НАЦИОНАЛЬНЫЙ ПАРК"ПРИЭЛЬБРУСЬЕ" | D45: ФГБУ "НАЦИОНАЛЬНЫЙ ПАРК" ПРИЭЛЬБРУСЬЕ" | E45: 801 - включена | F45: 0710002732 | G45: 071001001 | H45: 1030700500687 | I45: 0173100000135 | J45: Министерство обороны Российской Федерации | K45: 08 - казенное учреждение | O45: 0400 | P45: Управление Федерального казначейства по Кабардино-Балкарской Республике
A46: 38 | B46: 0304100000146 | C46: федеральное государственное бюджетное образовательное учреждение высшего профессионального образования "Северо-Кавказский государственный институт искусств" | D46: Северо-Кавказский государственный институт искусств | E46: 801 - включена | F46: 0711001114 | G46: 072501001 | H46: 1020700738211 | I46: 0173100000135 | J46: Министерство обороны Российской Федерации | K46: 08 - казенное учреждение | O46: 0400 | P46: Управление Федерального казначейства по Кабардино-Балкарской Республике
A47: 39 | B47: 0304100000165 | C47: федеральное государственное бюджетное учреждение "Нальчикское государственное опытное охотничье хозяйство" | D47: фгбу "Нальчикское ГООХ" | E47: 801 - включена | F47: 0711005856 | G47: 072501001 | H47: 1020700760112 | I47: 0173100000135 | J47: Министерство обороны Российской Федерации | K47: 08 - казенное учреждение | O47: 0400 | P47: Управление Федерального казначейства по Кабардино-Балкарской Республике
A48: 40 | B48: 0304100000157 | C48: ФЕДЕРАЛЬНОЕ ГОСУДАРСТВЕННОЕ БЮДЖЕТНОЕ УЧРЕЖДЕНИЕ "ВЫСОКОГОРНЫЙ ГЕОФИЗИЧЕСКИЙ ИНСТИТУТ" | D48: ФГБУ "ВГИ" | E48: 801 - включена | F48: 0711017410 | G48: 072501001 | H48: 1020700755426 | I48: 0173100000118 | J48: Федеральное архивное агентство | K48: 08 - казенное учреждение | O48: 0400 | P48: Управление Федерального казначейства по Кабардино-Балкарской Республике
A49: 41 | B49: 0304100000035 | C49: ФЕДЕРАЛЬНОЕ ГОСУДАРСТВЕННОЕ БЮДЖЕТНОЕ УЧРЕЖДЕНИЕ НАУКИ ИНСТИТУТ ИНФОРМАТИКИ И ПРОБЛЕМ РЕГИОНАЛЬНОГО УПРАВЛЕНИЯ КАБАРДИНО-БАЛКАРСКОГО НАУЧНОГО ЦЕНТРА РОССИЙСКОЙ АКАДЕМИИ НАУК | D49: ИИПРУ КБНЦ РАН | E49: 801 - включена | F49: 0711022562 | G49: 072501001 | H49: 1030700201531 | I49: 0373100000723 | J49: Российская академия художеств | K49: 03 - бюджетное учреждение | O49: 0400 | P49: Управление Федерального казначейства по Кабардино-Балкарской Республике
A50: 42 | B50: 0304100000122 | C50: ФЕДЕРАЛЬНОЕ ГОСУДАРСТВЕННОЕ БЮДЖЕТНОЕ УЧРЕЖДЕНИЕ НАУКИ КАБАРДИНО-БАЛКАРСКИЙ НАУЧНЫЙ ЦЕНТР РОССИЙСКОЙ АКАДЕМИИ НАУК | D50: КБНЦ РАН | E50: 801 - включена | F50: 0711026447 | G50: 072501001 | H50: 1020700760453 | I50: 0173100000106 | J50: Министерство культуры Российской Федерации | K50: 03 - бюджетное учреждение | O50: 0400 | P50: Управление Федерального казначейства по Кабардино-Балкарской Республике
A51: 43 | B51: 0304100000141 | C51: ФЕДЕРАЛЬНОЕ ГОСУДАРСТВЕННОЕ БЮДЖЕТНОЕ ОБРАЗОВАТЕЛЬНОЕ УЧРЕЖДЕНИЕ ВЫСШЕГО ПРОФЕССИОНАЛЬНОГО ОБРАЗОВАНИЯ "КАБАРДИНО-БАЛКАРСКИЙ ГОСУДАРСТВЕННЫЙ АГРАРНЫЙ УНИВЕРСИТЕТ ИМЕНИ В.М.КОКОВА" | D51: ФГБОУ ВПО КБГАУ ИМ. В.М.КОКОВА | E51: 801 - включена | F51: 0711029536 | G51: 072501001 | H51: 1020700756174 | K51: 08 - казенное учреждение | O51: 0400 | P51: Управление Федерального казначейства по Кабардино-Балкарской Республике
A52: 44 | B52: 0304100000032 | C52: ФЕДЕРАЛЬНОЕ ГОСУДАРСТВЕННОЕ БЮДЖЕТНОЕ УЧРЕЖДЕНИЕ "СЕВЕРО-КАВКАЗСКАЯ ВОЕНИЗИРОВАННАЯ СЛУЖБА ПО АКТИВНОМУ ВОЗДЕЙСТВИЮ НА МЕТЕОРОЛОГИЧЕСКИЕ И ДРУГИЕ ГЕОФИЗИЧЕСКИЕ ПРОЦЕССЫ" | D52: ФГБУ "СЕВЕРО-КАВКАЗСКАЯ ВС" | E52: 801 - включена | F52: 0711035498 | G52: 072601001 | H52: 1020700748001 | I52: 0173100000140 | J52: Министерство Российской Федерации по делам гражданской обороны, чрезвычайным ситуациям и ликвидации последствий стихийных бедствий | K52: 08 - казенное учреждение | L52: 177 | M52: 39591 | O52: 0400 | P52: Управление Федерального казначейства по Кабардино-Балкарской Республике
A53: 45 | B53: 0304100000136 | C53: Федеральное государственное бюджетное образовательное учреждение высшего профессионального образования "Кабардино-Балкарский государственный университет им. Х.М. Бербекова" | D53: КБГУ | E53: 801 - включена | F53: 0711037537 | G53: 072501001 | H53: 1020700739234 | I53: 0173100000140 | J53: Министерство Российской Федерации по делам гражданской обороны, чрезвычайным ситуациям и ликвидации последствий стихийных бедствий | K53: 08 - казенное учреждение | L53: 177 | M53: 40051 | O53: 0400 | P53: Управление Федерального казначейства по Кабардино-Балкарской Республике
A54: 46 | B54: 0304100000158 | C54: Федеральное государственное бюджетное учреждение "Центр изучения, использования и охраны водных ресурсов Кабардино-Балкарской Республики" | D54: ФГУ "Каббалкводресурсы" | E54: 801 - включена | F54: 0713000878 | G54: 072501001 | H54: 1020700740598 | I54: 0173100000070 | J54: Федеральная служба охраны Российской Федерации | K54: 08 - казенное учреждение | L54: 202 | M54: 39981 | O54: 0400 | P54: Управление Федерального казначейства по Кабардино-Балкарской Республике
A55: 47 | B55: 0304100000138 | C55: ФЕДЕРАЛЬНОЕ БЮДЖЕТНОЕ УЧРЕЖДЕНИЕ ЗДРАВООХРАНЕНИЯ "ЦЕНТР ГИГИЕНЫ И ЭПИДЕМИОЛОГИИ В КАБАРДИНО-БАЛКАРСКОЙ РЕСПУБЛИКЕ" | D55: ФБУЗ "ЦЕНТР ГИГИЕНЫ И ЭПИДЕМИОЛОГИИ В КАБАРДИНО-БАЛКАРСКОЙ РЕСПУБЛИКЕ" | E55: 801 - включена | F55: 0721010037 | G55: 072501001 | H55: 1050700202300 | K55: 08 - казенное учреждение | O55: 0400 | P55: Управление Федерального казначейства по Кабардино-Балкарской Республике
A56: 48 | B56: 0305100000032 | C56: федеральное государственное бюджетное образовательное учреждение высшего профессионального образования "Калмыцкий государственный университет" | D56: ФГБОУ ВПО "КалмГУ", ФГБОУ ВПО "Калмыцкий государственный университет" | E56: 801 - включена | F56: 0814000257 | G56: 081601001 | H56: 1020800756844 | I56: 0173100000138 | J56: Федеральная таможенная служба | K56: 08 - казенное учреждение | L56: 153 | M56: 40032 | O56: 0500 | P56: Управление Федерального казначейства по Республике Калмыкия
A57: 49 | B57: 0395100003134 | C57: федеральное государственное бюджетное учреждение "Управление мелиорации земель и сельскохозяйственного водоснабжения по Республике Калмыкия" | D57: ФГБУ "Управление "Калммелиоводхоз" | E57: 801 - включена | F57: 0814041687 | G57: 081601001 | H57: 1030800745744 | I57: 0373100000615 | J57: Министерство внутренних дел Российской Федерации | K57: 08 - казенное учреждение | L57: 188 | M57: 40261 | O57: 7900 | P57: Управление Федерального казначейства по Карачаево-Черкесской Республике
A58: 50 | B58: 0379100000014 | C58: ФЕДЕРАЛЬНОЕ ГОСУДАРСТВЕННОЕ БЮДЖЕТНОЕ ОБРАЗОВАТЕЛЬНОЕ УЧРЕЖДЕНИЕ ВЫСШЕГО ПРОФЕССИОНАЛЬНОГО ОБРАЗОВАНИЯ "СЕВЕРО-КАВКАЗСКАЯ ГОСУДАРСТВЕННАЯ ГУМАНИТАРНО-ТЕХНОЛОГИЧЕСКАЯ АКАДЕМИЯ" | D58: СЕВКАВГГТА | E58: 801 - включена | F58: 0901006061 | G58: 090101001 | H58: 1030900711335 | I58: 0173100000123 | J58: Федеральное дорожное агентство | K58: 08 - казенное учреждение | L58: 108 | M58: 39722 | O58: 7900 | P58: Управление Федерального казначейства по Карачаево-Черкесской Республике
A59: 51 | B59: 0379100000003 | C59: Федеральное государственное бюджетное учреждение "Тебердинский государственный природный биосферный заповедник" | D59: ФГБУ "Тебердинский заповедник" | E59: 801 - включена | F59: 0902007124 | G59: 090201001 | H59: 1020900775411 | I59: 0173100000053 | J59: Министерство финансов Российской Федерации | K59: 08 - казенное учреждение | L59: 092 | M59: 40361 | O59: 7900 | P59: Управление Федерального казначейства по Карачаево-Черкесской Республике
A60: 52 | B60: 0379100000026 | C60: федеральное государственное бюджетное образовательное учреждение высшего профессионального образования "Карачаево-Черкесский государственный университет имени У.Д.Алиева" | D60: КЧГУ | E60: 801 - включена | F60: 0902007156 | G60: 090201001 | H60: 1020900775026 | I60: 0173100000080 | J60: Генеральная прокуратура Российской Федерации | K60: 08 - казенное учреждение | O60: 7900 | P60: Управление Федерального казначейства по Карачаево-Черкесской Республике
A61: 53 | B61: 0379100000028 | C61: ФЕДЕРАЛЬНОЕ ГОСУДАРСТВЕННОЕ БЮДЖЕТНОЕ УЧРЕЖДЕНИЕ "КАРАЧАЕВО-ЧЕРКЕССКОЕ ГОСУДАРСТВЕННОЕ ОПЫТНОЕ ОХОТНИЧЬЕ ХОЗЯЙСТВО" | D61: ФГБУ "КАРАЧАЕВО-ЧЕРКЕССКОЕ ГООХ" | E61: 801 - включена | F61: 0904006550 | G61: 090401001 | H61: 1030901116124 | I61: 0373100000615 | J61: Министерство внутренних дел Российской Федерации | K61: 08 - казенное учреждение | L61: 188 | M61: 40260 | O61: 7900 | P61: Управление Федерального казначейства по Карачаево-Черкесской Республике
A62: 54 | B62: 0379100000011 | C62: ФЕДЕРАЛЬНОЕ БЮДЖЕТНОЕ УЧРЕЖДЕНИЕ ЗДРАВООХРАНЕНИЯ "ЦЕНТР ГИГИЕНЫ И ЭПИДЕМИОЛОГИИ В КАРАЧАЕВО-ЧЕРКЕССКОЙ РЕСПУБЛИКЕ" | D62: ФБУЗ "ЦЕНТР ГИГИЕНЫ И ЭПИДЕМИОЛОГИИ В КАРАЧАЕВО-ЧЕРКЕССКОЙ РЕСПУБЛИКЕ" | E62: 801 - включена | F62: 0917000428 | G62: 091701001 | H62: 1050900920982 | I62: 0173100000123 | J62: Федеральное дорожное агентство | K62: 08 - казенное учреждение | L62: 108 | M62: 39871 | O62: 7900 | P62: Управление Федерального казначейства по Карачаево-Черкесской Республике
A63: 55 | B63: 0395100012685 | C63: ФЕДЕРАЛЬНОЕ ГОСУДАРСТВЕННОЕ БЮДЖЕТНОЕ УЧРЕЖДЕНИЕ "УПРАВЛЕНИЕ МЕЛИОРАЦИИ ЗЕМЕЛЬ И СЕЛЬСКОХОЗЯЙСТВЕННОГО ВОДОСНАБЖЕНИЯ ПО РЕСПУБЛИКЕ КОМИ" | D63: ФГБУ "УПРАВЛЕНИЕ "КОМИМЕЛИОВОДХОЗ" | E63: 801 - включена | F63: 1101461338 | G63: 110101001 | H63: 1021100516095 | I63: 0173100000107 | J63: Федеральная служба исполнения наказаний | K63: 08 - казенное учреждение | L63: 320 | M63: 40334 | O63: 0700 | P63: Управление Федерального казначейства по Республике Коми
A64: 56 | B64: 0807100000038 | C64: ФЕДЕРАЛЬНОЕ ГОСУДАРСТВЕННОЕ БЮДЖЕТНОЕ УЧРЕЖДЕНИЕ НАУКИ ИНСТИТУТ БИОЛОГИИ КОМИ НАУЧНОГО ЦЕНТРА УРАЛЬСКОГО ОТДЕЛЕНИЯ РОССИЙСКОЙ АКАДЕМИИ НАУК | D64: ИБ КОМИ НЦ УРО РАН | E64: 801 - включена | F64: 1101483444 | G64: 110101001 | H64: 1021100511739 | I64: 0173100000107 | J64: Федеральная служба исполнения наказаний | K64: 08 - казенное учреждение | L64: 320 | M64: 40330 | O64: 0700 | P64: Управление Федерального казначейства по Республике Коми
A65: 57 | B65: 0308100000025 | C65: ФЕДЕРАЛЬНОЕ ГОСУДАРСТВЕННОЕ БЮДЖЕТНОЕ ОБРАЗОВАТЕЛЬНОЕ УЧРЕЖДЕНИЕ ВЫСШЕГО ПРОФЕССИОНАЛЬНОГО ОБРАЗОВАНИЯ "МАРИЙСКИЙ ГОСУДАРСТВЕННЫЙ УНИВЕРСИТЕТ" | D65: ФГБОУ ВПО "МАРИЙСКИЙ ГОСУДАРСТВЕННЫЙ УНИВЕРСИТЕТ", МАРИЙСКИЙ ГОСУДАРСТВЕННЫЙ УНИВЕРСИТЕТ, МАРГУ | E65: 801 - включена | F65: 1215026836 | G65: 121501001 | H65: 1021200783856 | I65: 0173100000107 | J65: Федеральная служба исполнения наказаний | K65: 08 - казенное учреждение | L65: 320 | M65: 39539 | O65: 0800 | P65: Управление Федерального казначейства по Республике Марий Эл
A66: 58 | B66: 0309100000031 | C66: ФЕДЕРАЛЬНОЕ ГОСУДАРСТВЕННОЕ БЮДЖЕТНОЕ УЧРЕЖДЕНИЕ "МОРДОВСКИЙ ГОСУДАРСТВЕННЫЙ ПРИРОДНЫЙ ЗАПОВЕДНИК ИМЕНИ П.Г. СМИДОВИЧА" | D66: ФГБУ "МОРДОВСКИЙ ГОСУДАРСТВЕННЫЙ ЗАПОВЕДНИК" | E66: 801 - включена | F66: 1319108628 | G66: 131901001 | H66: 1021300835676 | I66: 0173100000107 | J66: Федеральная служба исполнения наказаний | K66: 08 - казенное учреждение | L66: 320 | M66: 40081 | O66: 0900 | P66: Управление Федерального казначейства по Республике Мордовия
A67: 59 | B67: 0309100000058 | C67: Издательство федерального государственного бюджетного образовательного учреждения высшего профессионального образования "Мордовский государственный университет им. Н.П. Огарёва" | D67: Издательство Мордовского университета (ИМУ) | E67: 801 - включена | F67: 1326043499 | G67: 132602005 | H67: 1021300973275 | I67: 0173100000107 | J67: Федеральная служба исполнения наказаний | K67: 08 - казенное учреждение | L67: 320 | M67: 40325 | O67: 0900 | P67: Управление Федерального казначейства по Республике Мордовия
A68: 60 | B68: 0309100000027 | C68: ФЕДЕРАЛЬНОЕ ГОСУДАРСТВЕННОЕ БЮДЖЕТНОЕ УЧРЕЖДЕНИЕ "УПРАВЛЕНИЕ МЕЛИОРАЦИИ ЗЕМЕЛЬ И СЕЛЬСКОХОЗЯЙСТВЕННОГО ВОДОСНАБЖЕНИЯ ПО РЕСПУБЛИКЕ МОРДОВИЯ" | D68: ФГБУ "УПРАВЛЕНИЕ "МОРДОВМЕЛИОВОДХОЗ" | E68: 801 - включена | F68: 1326140510 | G68: 132601001 | H68: 1021300981877 | I68: 0173100000140 | J68: Министерство Российской Федерации по делам гражданской обороны, чрезвычайным ситуациям и ликвидации последствий стихийных бедствий | K68: 08 - казенное учреждение | L68: 177 | M68: 40344 | O68: 1600 | P68: Управление Федерального казначейства по Республике Саха (Якутия)
A69: 61 | B69: 0316100000056 | C69: ФЕДЕРАЛЬНОЕ ГОСУДАРСТВЕННОЕ БЮДЖЕТНОЕ УЧРЕЖДЕНИЕ "ГОСУДАРСТВЕННЫЙ ПРИРОДНЫЙ ЗАПОВЕДНИК "УСТЬ-ЛЕНСКИЙ" | D69: ФГБУ "ГОСУДАРСТВЕННЫЙ ЗАПОВЕДНИК "УСТЬ-ЛЕНСКИЙ" | E69: 801 - включена | F69: 1406000532 | G69: 140601001 | H69: 1021400578902 | I69: 0173100000107 | J69: Федеральная служба исполнения наказаний | K69: 08 - казенное учреждение | L69: 320 | M69: 40228 | O69: 1600 | P69: Управление Федерального казначейства по Республике Саха (Якутия)
A70: 62 | B70: 0316100000061 | C70: ФЕДЕРАЛЬНОЕ ГОСУДАРСТВЕННОЕ БЮДЖЕТНОЕ УЧРЕЖДЕНИЕ "ГОСУДАРСТВЕННЫЙ ПРИРОДНЫЙ ЗАПОВЕДНИК "ОЛЕКМИНСКИЙ" | D70: ФГБУ "ГОСУДАРСТВЕННЫЙ ЗАПОВЕДНИК "ОЛЕКМИНСКИЙ" | E70: 801 - включена | F70: 1421002245 | G70: 142101001 | H70: 1021400807053 | I70: 0173100000107 | J70: Федеральная служба исполнения наказаний | K70: 08 - казенное учреждение | L70: 320 | M70: 39921 | O70: 1600 | P70: Управление Федерального казначейства по Республике Саха (Якутия)
A71: 63 | B71: 0816100000016 | C71: Федеральное государственное учреждение "Ленское государственное бассейновое управление водных путей и судоходства" | D71: ФГУ Ленское ГБУВПиС | E71: 801 - включена | F71: 1435033691 | G71: 143501001 | H71: 1021401057655 | I71: 0173100000056 | J71: Министерство юстиции Российской Федерации | K71: 08 - казенное учреждение | O71: 1600 | P71: Управление Федерального казначейства по Республике Саха (Якутия)
A72: 64 | B72: 0316100000192 | C72: федеральное государственное бюджетное образовательное учреждение высшего профессионального образования "Арктический государственный институт искусств и культуры" | D72: Арктический государственный институт искусств и культуры | E72: 801 - включена | F72: 1435115880 | G72: 143501001 | H72: 1021401049647 | I72: 0173100000107 | J72: Федеральная служба исполнения наказаний | K72: 08 - казенное учреждение | L72: 320 | M72: 40129 | O72: 1600 | P72: Управление Федерального казначейства по Республике Саха (Якутия)
A73: 65 | B73: 0316100000171 | C73: ФЕДЕРАЛЬНОЕ БЮДЖЕТНОЕ УЧРЕЖДЕНИЕ ЗДРАВООХРАНЕНИЯ "ЦЕНТР ГИГИЕНЫ И ЭПИДЕМИОЛОГИИ В РЕСПУБЛИКЕ САХА (ЯКУТИЯ)" | D73: ФБУЗ "ЦЕНТР ГИГИЕНЫ И ЭПИДЕМИОЛОГИИ В РЕСПУБЛИКЕ САХА (ЯКУТИЯ)" | E73: 801 - включена | F73: 1435157979 | G73: 143501001 | H73: 1051402060687 | I73: 0173100000107 | J73: Федеральная служба исполнения наказаний | K73: 08 - казенное учреждение | L73: 320 | M73: 39931 | O73: 1600 | P73: Управление Федерального казначейства по Республике Саха (Якутия)
A74: 66 | B74: 0310100000098 | C74: ФЕДЕРАЛЬНОЕ ГОСУДАРСТВЕННОЕ БЮДЖЕТНОЕ УЧРЕЖДЕНИЕ "НАЦИОНАЛЬНЫЙ ПАРК "АЛАНИЯ" | D74: ФГБУ "НАЦИОНАЛЬНЫЙ ПАРК "АЛАНИЯ" | E74: 801 - включена | F74: 1508003081 | G74: 150801001 | H74: 1021500892830 | I74: 0173100000107 | J74: Федеральная служба исполнения наказаний | K74: 08 - казенное учреждение | L74: 320 | M74: 40054 | O74: 1000 | P74: Управление Федерального казначейства по Республике Северная Осетия-Алания
A75: 67 | B75: 0310100000117 | C75: Федеральное государственное бюджетное учреждение "Северо-Кавказский многопрофильный медицинский центр" Министерства здравоохранения Российской Федерации (г. Беслан) | D75: ФГБУ "СК ММЦ" Минздрава России (г. Беслан) | E75: 801 - включена | F75: 1511017599 | G75: 151101001 | H75: 1081511000581 | I75: 0173100000140 | J75: Министерство Российской Федерации по делам гражданской обороны, чрезвычайным ситуациям и ликвидации последствий стихийных бедствий | K75: 08 - казенное учреждение | L75: 177 | M75: 40060 | O75: 1000 | P75: Управление Федерального казначейства по Республике Северная Осетия-Алания
A76: 68 | B76: 0311100000095 | C76: федеральное государственное бюджетное образовательное учреждение высшего профессионального образования "Набережночелнинский институт социально-педагогических технологий и ресурсов" | D76: ФГБОУ ВПО "НИСПТР" | E76: 801 - включена | F76: 1650017589 | G76: 165001001 | H76: 1031616001603 | I76: 0173100000107 | J76: Федеральная служба исполнения наказаний | K76: 08 - казенное учреждение | L76: 320 | M76: 39871 | O76: 1100 | P76: Управление Федерального казначейства по Республике Татарстан
A77: 69 | B77: 0311100000125 | C77: ФЕДЕРАЛЬНОЕ ГОСУДАРСТВЕННОЕ БЮДЖЕТНОЕ ОБРАЗОВАТЕЛЬНОЕ УЧРЕЖДЕНИЕ ВЫСШЕГО ПРОФЕССИОНАЛЬНОГО ОБРАЗОВАНИЯ "ПОВОЛЖСКАЯ ГОСУДАРСТВЕННАЯ АКАДЕМИЯ ФИЗИЧЕСКОЙ КУЛЬТУРЫ, СПОРТА И ТУРИЗМА" | D77: ФГБОУ ВПО "ПОВОЛЖСКАЯ ГАФКСИТ" | E77: 801 - включена | F77: 1650050120 | G77: 165901001 | H77: 1021602012190 | I77: 0173100000107 | J77: Федеральная служба исполнения наказаний | K77: 08 - казенное учреждение | L77: 320 | M77: 39553 | O77: 1100 | P77: Управление Федерального казначейства по Республике Татарстан
A78: 70 | B78: 0311100000169 | C78: ФЕДЕРАЛЬНОЕ ГОСУДАРСТВЕННОЕ БЮДЖЕТНОЕ УЧРЕЖДЕНИЕ "ТВОРЧЕСКАЯ МАСТЕРСКАЯ ЖИВОПИСИ РОССИЙСКОЙ АКАДЕМИИ ХУДОЖЕСТВ В Г.КАЗАНИ" | D78: ТМЖ РАХ | E78: 801 - включена | F78: 1655012190 | G78: 165501001 | H78: 1021602853777 | I78: 0173100000140 | J78: Министерство Российской Федерации по делам гражданской обороны, чрезвычайным ситуациям и ликвидации последствий стихийных бедствий | K78: 08 - казенное учреждение | L78: 177 | M78: 39508 | O78: 1100 | P78: Управление Федерального казначейства по Республике Татарстан
A79: 71 | B79: 0711000000005 | C79: ФЕДЕРАЛЬНОЕ ГОСУДАРСТВЕННОЕ АВТОНОМНОЕ ОБРАЗОВАТЕЛЬНОЕ УЧРЕЖДЕНИЕ ВЫСШЕГО ПРОФЕССИОНАЛЬНОГО ОБРАЗОВАНИЯ "КАЗАНСКИЙ (ПРИВОЛЖСКИЙ) ФЕДЕРАЛЬНЫЙ УНИВЕРСИТЕТ" | D79: ФГАОУ ВПО "КАЗАНСКИЙ (ПРИВОЛЖСКИЙ) ФЕДЕРАЛЬНЫЙ УНИВЕРСИТЕТ", ФГАОУ ВПО КФУ, КФУ, КАЗАНСКИЙ УНИВЕРСИТЕТ | E79: 801 - включена | F79: 1655018018 | G79: 165501001 | H79: 1021602841391 | I79: 0195100000137 | J79: МИНИСТЕРСТВО ТРУДА И СОЦИАЛЬНОЙ ЗАЩИТЫ РОССИЙСКОЙ ФЕДЕРАЦИИ | K79: 08 - казенное учреждение | L79: 149 | M79: 40137 | O79: 1100 | P79: Управление Федерального казначейства по Республике Татарстан
A80: 72 | B80: 0311100000011 | C80: Федеральное бюджетное учреждение науки "Казанский научно-исследовательский институт эпидемиологии и микробиологии" Федеральной службы по надзору в сфере защиты прав потребителей и благополучия человека | D80: ФБУН КНИИЭМ Роспотребнадзора | E80: 801 - включена | F80: 1655018040 | G80: 165501001 | H80: 1021602836364 | I80: 0173100000140 | J80: Министерство Российской Федерации по делам гражданской обороны, чрезвычайным ситуациям и ликвидации последствий стихийных бедствий | K80: 08 - казенное учреждение | L80: 177 | M80: 40199 | O80: 1100 | P80: Управление Федерального казначейства по Республике Татарстан
A81: 73 | B81: 0311100000335 | C81: федеральное государственное бюджетное образовательное учреждение высшего профессионального образования "Казанская государственная консерватория (академия) имени Н.Г. Жиганова" | D81: Казанская государственная консерватория (академия) имени Н.Г. Жиганова | E81: 801 - включена | F81: 1655020497 | G81: 165501001 | H81: 1021602839610 | I81: 0173100000140 | J81: Министерство Российской Федерации по делам гражданской обороны, чрезвычайным ситуациям и ликвидации последствий стихийных бедствий | K81: 08 - казенное учреждение | L81: 177 | M81: 40205 | O81: 1100 | P81: Управление Федерального казначейства по Республике Татарстан
A82: 74 | B82: 0311100000334 | C82: федеральное государственное бюджетное образовательное учреждение высшего профессионального образования "Казанский государственный энергетический университет" | D82: ФГБОУ ВПО "КГЭУ" | E82: 801 - включена | F82: 1656019286 | G82: 165601001 | H82: 1021603065637 | I82: 0173100000107 | J82: Федеральная служба исполнения наказаний | K82: 08 - казенное учреждение | L82: 320 | M82: 40236 | O82: 1100 | P82: Управление Федерального казначейства по Республике Татарстан
A83: 75 | B83: 0311100000101 | C83: Федеральное государственное научное учреждение "Институт педагогики и психологии профессионального образования" Российской академии образования | D83: ФГНУ ИПППО РАО | E83: 801 - включена | F83: 1658012208 | G83: 165801001 | H83: 1021603268576 | I83: 0173100000107 | J83: Федеральная служба исполнения наказаний | K83: 08 - казенное учреждение | L83: 320 | M83: 40247 | O83: 1100 | P83: Управление Федерального казначейства по Республике Татарстан
... A101: 93 | B101: 0819100000092 | C101: федеральное государственное бюджетное учреждение "Управление мелиорации земель и сельскохозяйственного водоснабжения по Красноярскому краю" | D101: ФГБУ "Управление "Красноярскмелиоводхоз" | E101: 801 - включена | F101: 2460021116 | G101: 246301001 | H101: 1022401790663 | I101: 0373100000615 | J101: Министерство внутренних дел Российской Федерации | K101: 08 - казенное учреждение | L101: 188 | M101: 40144 | O101: 1900 | P101: Управление Федерального казначейства по Красноярскому краю
A102: 94 | B102: 0320100000349 | C102: "Владивостокский морской рыбопромышленный колледж" федерального государственного бюджетного образовательного учреждения высшего профессионального образования "Дальневосточный государственный технический рыбохозяйственный университет" | D102: "ВМРК" ФГБОУ ВПО "Дальрыбвтуз" | E102: 801 - включена | F102: 2538008586 | G102: 254345001 | H102: 1022501915061 | I102: 0173100000107 | J102: Федеральная служба исполнения наказаний | K102: 08 - казенное учреждение | O102: 2000 | P102: Управление Федерального казначейства по Приморскому краю
A103: 95 | B103: 0321100000086 | C103: федеральное государственное бюджетное учреждение "Управление эксплуатации Кумских гидроузлов и Чограйского водохранилища" | D103: ФГБУ "УЭКГ и ЧВ" | E103: 801 - включена | F103: 2624026236 | G103: 262401001 | H103: 1032601792310 | I103: 0173100000140 | J103: Министерство Российской Федерации по делам гражданской обороны, чрезвычайным ситуациям и ликвидации последствий стихийных бедствий | K103: 08 - казенное учреждение | L103: 177 | M103: 39926 | O103: 2100 | P103: Управление Федерального казначейства по Ставропольскому краю
A104: 96 | B104: 0321100000001 | C104: ФЕДЕРАЛЬНОЕ ГОСУДАРСТВЕННОЕ БЮДЖЕТНОЕ УЧРЕЖДЕНИЕ "САНАТОРИЙ "КРАСНЫЕ КАМНИ" УПРАВЛЕНИЯ ДЕЛАМИ ПРЕЗИДЕНТА РОССИЙСКОЙ ФЕДЕРАЦИИ | D104: ФГБУ "САНАТОРИЙ "КРАСНЫЕ КАМНИ" | E104: 801 - включена | F104: 2628007530 | G104: 262801001 | H104: 1022601311380 | I104: 0173100000135 | J104: Министерство обороны Российской Федерации | K104: 08 - казенное учреждение | L104: 187 | M104: 40172 | O104: 2100 | P104: Управление Федерального казначейства по Ставропольскому краю
A105: 97 | B105: 0321100000009 | C105: федеральное государственное бюджетное дошкольное образовательное учреждение "Детский сад общеразвивающего вида "Красные камни" Управления делами Президента Российской Федерации | D105: ФГБДОУ "Детский сад общеразвивающего вида "Красные камни" | E105: 801 - включена | F105: 2628031741 | G105: 262801001 | H105: 1022601323612 | I105: 0173100000107 | J105: Федеральная служба исполнения наказаний | K105: 08 - казенное учреждение | L105: 320 | M105: 39548 | O105: 2100 | P105: Управление Федерального казначейства по Ставропольскому краю
A106: 98 | B106: 0321100000212 | C106: ФЕДЕРАЛЬНОЕ ГОСУДАРСТВЕННОЕ АВТОНОМНОЕ ОБРАЗОВАТЕЛЬНОЕ УЧРЕЖДЕНИЕ ВЫСШЕГО ПРОФЕССИОНАЛЬНОГО ОБРАЗОВАНИЯ "СЕВЕРО-КАВКАЗСКИЙ ФЕДЕРАЛЬНЫЙ УНИВЕРСИТЕТ" | D106: ФГАОУ ВПО "СЕВЕРО-КАВКАЗСКИЙ ФЕДЕРАЛЬНЫЙ УНИВЕРСИТЕТ", СЕВЕРО-КАВКАЗСКИЙ ФЕДЕРАЛЬНЫЙ УНИВЕРСИТЕТ, СКФУ | E106: 801 - включена | F106: 2635014955 | G106: 263501001 | H106: 1022601961580 | I106: 0173100000107 | J106: Федеральная служба исполнения наказаний | K106: 08 - казенное учреждение | L106: 320 | M106: 39955 | O106: 2100 | P106: Управление Федерального казначейства по Ставропольскому краю
A107: 99 | B107: 0321100000081 | C107: ФЕДЕРАЛЬНОЕ БЮДЖЕТНОЕ УЧРЕЖДЕНИЕ ЗДРАВООХРАНЕНИЯ "ЦЕНТР ГИГИЕНЫ И ЭПИДЕМИОЛОГИИ В СТАВРОПОЛЬСКОМ КРАЕ" | D107: ФБУЗ "ЦЕНТР ГИГИЕНЫ И ЭПИДЕМИОЛОГИИ В СТАВРОПОЛЬСКОМ КРАЕ" | E107: 801 - включена | F107: 2636045473 | G107: 263601001 | H107: 1052600297595 | I107: 0173100000107 | J107: Федеральная служба исполнения наказаний | K107: 08 - казенное учреждение | L107: 320 | M107: 40345 | O107: 2100 | P107: Управление Федерального казначейства по Ставропольскому краю
A108: 100 | B108: 0322100000191 | C108: ФЕДЕРАЛЬНОЕ ГОСУДАРСТВЕННОЕ БЮДЖЕТНОЕ ОБРАЗОВАТЕЛЬНОЕ УЧРЕЖДЕНИЕ ВЫСШЕГО ПРОФЕССИОНАЛЬНОГО ОБРАЗОВАНИЯ "ДАЛЬНЕВОСТОЧНЫЙ ГОСУДАРСТВЕННЫЙ ГУМАНИТАРНЫЙ УНИВЕРСИТЕТ" | D108: ФГБОУ ВПО "ДВГГУ", ДВГГУ | E108: 801 - включена | F108: 2721000642 | G108: 272101001 | H108: 1022700919779 | I108: 0195100000137 | J108: МИНИСТЕРСТВО ТРУДА И СОЦИАЛЬНОЙ ЗАЩИТЫ РОССИЙСКОЙ ФЕДЕРАЦИИ | K108: 08 - казенное учреждение | L108: 149 | M108: 40326 | O108: 2200 | P108: Управление Федерального казначейства по Хабаровскому краю
A109: 101 | B109: 0322100000151 | C109: ФЕДЕРАЛЬНОЕ БЮДЖЕТНОЕ УЧРЕЖДЕНИЕ ЗДРАВООХРАНЕНИЯ "ЦЕНТР ГИГИЕНЫ И ЭПИДЕМИОЛОГИИ В ХАБАРОВСКОМ КРАЕ" | D109: ФБУЗ "ЦЕНТР ГИГИЕНЫ И ЭПИДЕМИОЛОГИИ В ХАБАРОВСКОМ КРАЕ" | E109: 801 - включена | F109: 2721124655 | G109: 272101001 | H109: 1052700148335 | I109: 0173100000107 | J109: Федеральная служба исполнения наказаний | K109: 08 - казенное учреждение | L109: 320 | M109: 40327 | O109: 2200 | P109: Управление Федерального казначейства по Хабаровскому краю
A110: 102 | B110: 0322100000085 | C110: Федеральное государственное бюджетное образовательное учреждение высшего профессионального образования "Дальневосточная государственная академия физической культуры" | D110: ФГБОУ ВПО "ДВГАФК" | E110: 801 - включена | F110: 2722010146 | G110: 272201001 | H110: 1022701126843 | I110: 0173100000107 | J110: Федеральная служба исполнения наказаний | K110: 08 - казенное учреждение | L110: 320 | M110: 39966 | O110: 2200 | P110: Управление Федерального казначейства по Хабаровскому краю
A111: 103 | B111: 0322100000026 | C111: ФЕДЕРАЛЬНОЕ ГОСУДАРСТВЕННОЕ БЮДЖЕТНОЕ УЧРЕЖДЕНИЕ ЦЕНТР АГРОХИМИЧЕСКОЙ СЛУЖБЫ "ХАБАРОВСКИЙ" | D111: ФГБУ ЦАС "ХАБАРОВСКИЙ" | E111: 801 - включена | F111: 2724013142 | G111: 272401001 | H111: 1022701283725 | I111: 0173100000107 | J111: Федеральная служба исполнения наказаний | K111: 08 - казенное учреждение | L111: 320 | M111: 40288 | O111: 2200 | P111: Управление Федерального казначейства по Хабаровскому краю
A112: 104 | B112: 0322100000255 | C112: федеральное государственное бюджетное образовательное учреждение высшего профессионального образования "Хабаровская государственная академия экономики и права" Юридический факультет | D112: Юридический факультет ХГАЭП | E112: 801 - включена | F112: 2725006638 | G112: 272202001 | H112: 1022701404868 | I112: 0173100000107 | J112: Федеральная служба исполнения наказаний | K112: 08 - казенное учреждение | L112: 320 | M112: 39869 | O112: 2200 | P112: Управление Федерального казначейства по Хабаровскому краю
A113: 105 | B113: 0322100000193 | C113: ФЕДЕРАЛЬНОЕ ГОСУДАРСТВЕННОЕ БЮДЖЕТНОЕ ОБРАЗОВАТЕЛЬНОЕ УЧРЕЖДЕНИЕ ВЫСШЕГО ПРОФЕССИОНАЛЬНОГО ОБРАЗОВАНИЯ "КОМСОМОЛЬСКИЙ-НА-АМУРЕ ГОСУДАРСТВЕННЫЙ ТЕХНИЧЕСКИЙ УНИВЕРСИТЕТ" | D113: ФГБОУ ВПО "КНАГТУ", ФГБОУ ВПО "КОМСОМОЛЬСКИЙ-НА-АМУРЕ ГОСУДАРСТВЕННЫЙ ТЕХНИЧЕСКИЙ УНИВЕРСИТЕТ" | E113: 801 - включена | F113: 2727000769 | G113: 270301001 | H113: 1022700519621 | I113: 0373100000615 | J113: Министерство внутренних дел Российской Федерации | K113: 08 - казенное учреждение | O113: 2200 | P113: Управление Федерального казначейства по Хабаровскому краю
A114: 106 | B114: 0322100000060 | C114: федеральное государственное бюджетное образовательное учреждение высшего профессионального образования "Амурский гуманитарно-педагогический государственный университет" | D114: ФГБОУ ВПО "АмГПГУ" | E114: 801 - включена | F114: 2727000776 | G114: 270301001 | H114: 1022700514737 | I114: 0173100000053 | J114: Министерство финансов Российской Федерации | K114: 03 - бюджетное учреждение | O114: 2200 | P114: Управление Федерального казначейства по Хабаровскому краю
A115: 107 | B115: 0724000000001 | C115: ФЕДЕРАЛЬНОЕ ГОСУДАРСТВЕННОЕ АВТОНОМНОЕ ОБРАЗОВАТЕЛЬНОЕ УЧРЕЖДЕНИЕ ВЫСШЕГО ПРОФЕССИОНАЛЬНОГО ОБРАЗОВАНИЯ "СЕВЕРНЫЙ (АРКТИЧЕСКИЙ) ФЕДЕРАЛЬНЫЙ УНИВЕРСИТЕТ ИМЕНИ М.В. ЛОМОНОСОВА" | D115: ФГАОУ ВПО "СЕВЕРНЫЙ (АРКТИЧЕСКИЙ) ФЕДЕРАЛЬНЫЙ УНИВЕРСИТЕТ ИМЕНИ М.В. ЛОМОНОСОВА", СЕВЕРНЫЙ (АРКТИЧЕСКИЙ) ФЕДЕРАЛЬНЫЙ УНИВЕРСИТЕТ ИМЕНИ М.В. ЛОМОНОСОВА, САФУ, САФУ ИМЕНИ М.В. ЛОМОНОСОВА | E115: 801 - включена | F115: 2901039102 | G115: 290101001 | H115: 1022900517793 | I115: 0173100000107 | J115: Федеральная служба исполнения наказаний | K115: 08 - казенное учреждение | L115: 320 | M115: 40172 | O115: 2400 | P115: Управление Федерального казначейства по Архангельской области
A116: 108 | B116: 0324100000037 | C116: ФЕДЕРАЛЬНОЕ ГОСУДАРСТВЕННОЕ БЮДЖЕТНОЕ УЧРЕЖДЕНИЕ КУЛЬТУРЫ "АРХАНГЕЛЬСКИЙ ГОСУДАРСТВЕННЫЙ МУЗЕЙ ДЕРЕВЯННОГО ЗОДЧЕСТВА И НАРОДНОГО ИСКУССТВА "МАЛЫЕ КОРЕЛЫ" | D116: МУЗЕЙ "МАЛЫЕ КОРЕЛЫ" | E116: 801 - включена | F116: 2901045346 | G116: 292101001 | H116: 1022901495924 | I116: 0373100000615 | J116: Министерство внутренних дел Российской Федерации | K116: 08 - казенное учреждение | L116: 188 | M116: 40281 | O116: 2400 | P116: Управление Федерального казначейства по Архангельской области
A117: 109 | B117: 0324100000029 | C117: ФЕДЕРАЛЬНОЕ БЮДЖЕТНОЕ УЧРЕЖДЕНИЕ АРХАНГЕЛЬСКАЯ ЛАБОРАТОРИЯ СУДЕБНОЙ ЭКСПЕРТИЗЫ МИНИСТЕРСТВА ЮСТИЦИИ РОССИЙСКОЙ ФЕДЕРАЦИИ | D117: ФБУ АРХАНГЕЛЬСКАЯ ЛСЭ МИНЮСТА РОССИИ | E117: 801 - включена | F117: 2901059444 | G117: 290101001 | H117: 1022900528012 | I117: 0173100000107 | J117: Федеральная служба исполнения наказаний | K117: 08 - казенное учреждение | L117: 320 | M117: 39988 | O117: 2400 | P117: Управление Федерального казначейства по Архангельской области
A118: 110 | B118: 0324100000001 | C118: Федеральное государственное бюджетное учреждение "Государственный природный заповедник "Пинежский" | D118: ФГБУ "Государственный заповедник "Пинежский" | E118: 801 - включена | F118: 2919000184 | G118: 291901001 | H118: 1022901443267 | I118: 0173100000107 | J118: Федеральная служба исполнения наказаний | K118: 08 - казенное учреждение | L118: 320 | M118: 40339 | O118: 2400 | P118: Управление Федерального казначейства по Архангельской области
A119: 111 | B119: 0324100000237 | C119: ФЕДЕРАЛЬНОЕ ГОСУДАРСТВЕННОЕ БЮДЖЕТНОЕ УЧРЕЖДЕНИЕ "НАЦИОНАЛЬНЫЙ ПАРК "ОНЕЖСКОЕ ПОМОРЬЕ" | D119: ФГБУ "НАЦИОНАЛЬНЫЙ ПАРК "ОНЕЖСКОЕ ПОМОРЬЕ" | E119: 801 - включена | F119: 2921126850 | G119: 292101001 | H119: 1132932002433 | I119: 0173100000140 | J119: Министерство Российской Федерации по делам гражданской обороны, чрезвычайным ситуациям и ликвидации последствий стихийных бедствий | K119: 08 - казенное учреждение | L119: 177 | M119: 40276 | O119: 2400 | P119: Управление Федерального казначейства по Архангельской области
A120: 112 | B120: 0325100000078 | C120: Государственное бюджетное образовательное учреждение высшего профессионального образования "Астраханская государственная медицинская академия" Министерства здравоохранения Российской Федерации | D120: ГБОУ ВПО АГМА Минздрава России | E120: 801 - включена | F120: 3015010536 | G120: 301501001 | H120: 1023000857285 | I120: 0173100000107 | J120: Федеральная служба исполнения наказаний | K120: 08 - казенное учреждение | L120: 320 | M120: 39963 | O120: 2500 | P120: Управление Федерального казначейства по Астраханской области
A121: 113 | B121: 0325100000056 | C121: ФЕДЕРАЛЬНОЕ ГОСУДАРСТВЕННОЕ БЮДЖЕТНОЕ ОБРАЗОВАТЕЛЬНОЕ УЧРЕЖДЕНИЕ ВЫСШЕГО ПРОФЕССИОНАЛЬНОГО ОБРАЗОВАНИЯ "АСТРАХАНСКИЙ ГОСУДАРСТВЕННЫЙ УНИВЕРСИТЕТ" | D121: АСТРАХАНСКИЙ ГОСУДАРСТВЕННЫЙ УНИВЕРСИТЕТ | E121: 801 - включена | F121: 3016009269 | G121: 301601001 | H121: 1023000818554 | I121: 0173100000107 | J121: Федеральная служба исполнения наказаний | K121: 08 - казенное учреждение | L121: 320 | M121: 40263 | O121: 2500 | P121: Управление Федерального казначейства по Астраханской области
A122: 114 | B122: 0325100000070 | C122: ФЕДЕРАЛЬНОЕ ГОСУДАРСТВЕННОЕ БЮДЖЕТНОЕ ОБРАЗОВАТЕЛЬНОЕ УЧРЕЖДЕНИЕ ВЫСШЕГО ПРОФЕССИОНАЛЬНОГО ОБРАЗОВАНИЯ "АСТРАХАНСКИЙ ГОСУДАРСТВЕННЫЙ ТЕХНИЧЕСКИЙ УНИВЕРСИТЕТ" | D122: ФГБОУ ВПО "АГТУ" | E122: 801 - включена | F122: 3016018094 | G122: 301901001 | H122: 1023000861916 | I122: 0173100000107 | J122: Федеральная служба исполнения наказаний | K122: 08 - казенное учреждение | L122: 320 | M122: 40038 | O122: 2500 | P122: Управление Федерального казначейства по Астраханской области
A123: 115 | B123: 0325100000084 | C123: ФЕДЕРАЛЬНОЕ ГОСУДАРСТВЕННОЕ БЮДЖЕТНОЕ УЧРЕЖДЕНИЕ "АСТРАХАНСКИЙ ОРДЕНА ТРУДОВОГО КРАСНОГО ЗНАМЕНИ ГОСУДАРСТВЕННЫЙ ПРИРОДНЫЙ БИОСФЕРНЫЙ ЗАПОВЕДНИК" | D123: ФГБУ "АСТРАХАНСКИЙ ГОСУДАРСТВЕННЫЙ ЗАПОВЕДНИК" | E123: 801 - включена | F123: 3017004288 | G123: 302501001 | H123: 1023000836693 | I123: 0173100000107 | J123: Федеральная служба исполнения наказаний | K123: 08 - казенное учреждение | L123: 320 | M123: 39969 | O123: 2500 | P123: Управление Федерального казначейства по Астраханской области
...

Sheet Справочник ПГМУ
A1: Перечень федеральных учреждений | E1: 40377
A5: Реестровый номер в перечне ГМУ | B5: Основные реквизиты учреждения | O5: Информация о регистрации и размещении сведений на Официальном сайте
B6: Полное наименование | C6: Сокращенное наименование | D6: Статус учреждения в перечне ГМУ | E6: ИНН | F6: КПП | G6: ОГРН | H6: Главный распорядитель бюджетных средств | J6: Тип организации | K6: Специальные указания | L6: Дата обновления данных организации в ЕГРЮЛ | M6: Дата и время обновления данных организации из ЕГРЮЛ | N6: Код главы ГРБС (Первые три символа КБК) | O6: ОИ
H7: Реестровый номер организации в перечне ГМУ | I7: Полное наименование организации | P7: ГЗ
P8: 2014
A9: 0376100000023 | B9: МЕЖРАЙОННАЯ ИНСПЕКЦИЯ ФЕДЕРАЛЬНОЙ НАЛОГОВОЙ СЛУЖБЫ № 2 ПО РЕСПУБЛИКЕ АДЫГЕЯ | C9: МЕЖРАЙОННАЯ ИФНС РОССИИ № 2 ПО РЕСПУБЛИКЕ АДЫГЕЯ | D9: 801 - включена | E9: 0101002332 | F9: 010101001 | G9: 1040100522351 | H9: 0173100000140 | I9: Министерство Российской Федерации по делам гражданской обороны, чрезвычайным ситуациям и ликвидации последствий стихийных бедствий | J9: 08 - казенное учреждение | L9: 39907 | M9: 40333 | N9: 177 | O9: 39927 | Q9: =VLOOKUP(E9:E5777,[1]Лист1!$D$1:$D$2725,1,0) -> #N/A
A10: 0376100000043 | B10: Отдел Министерства внутренних дел Российской Федерации по Красногвардейскому району | C10: Отдел МВД России по Красногвардейскому району | D10: 801 - включена | E10: 0102001980 | F10: 010101001 | G10: 1020100864101 | J10: 10 - автономное учреждение | L10: 40207 | M10: 40289 | Q10: =VLOOKUP(E10:E5778,[1]Лист1!$D$1:$D$2725,1,0) -> #N/A
A11: 0876100000008 | B11: ФЕДЕРАЛЬНОЕ КАЗЕННОЕ УЧРЕЖДЕНИЕ "КОЛОНИЯ-ПОСЕЛЕНИЕ № 4 УПРАВЛЕНИЯ ФЕДЕРАЛЬНОЙ СЛУЖБЫ ИСПОЛНЕНИЯ НАКАЗАНИЙ ПО РЕСПУБЛИКЕ АДЫГЕЯ (АДЫГЕЯ)" | C11: ФКУ КП-4 УФСИН РОССИИ ПО РЕСПУБЛИКЕ АДЫГЕЯ | D11: 801 - включена | E11: 0103006910 | F11: 010101001 | G11: 1020100510407 | H11: 0173100000123 | I11: Федеральное дорожное агентство | J11: 10 - автономное учреждение | L11: 39834 | M11: 39972 | O11: 40261 | Q11: =VLOOKUP(E11:E5779,[1]Лист1!$D$1:$D$2725,1,0) -> #N/A
A12: 0376100000050 | B12: ОТДЕЛ МИНИСТЕРСТВА ВНУТРЕННИХ ДЕЛ РОССИЙСКОЙ ФЕДЕРАЦИИ ПО МАЙКОПСКОМУ РАЙОНУ | C12: ОТДЕЛ МВД РОССИИ ПО МАЙКОПСКОМУ РАЙОНУ | D12: 801 - включена | E12: 0104005701 | F12: 010401001 | G12: 1020100709826 | J12: 10 - автономное учреждение | L12: 40298 | M12: 40326 | Q12: =VLOOKUP(E12:E5780,[1]Лист1!$D$1:$D$2725,1,0) -> #N/A
A13: 0376100000081 | B13: Отделение по Майкопскому району Управления Федерального казначейства по Республике Адыгея (Адыгея) | C13: Отделение по Майкопскому району УФК по Республике Адыгея | D13: 801 - включена | E13: 0104005740 | F13: 010401001 | G13: 1020100702731 | J13: 10 - автономное учреждение | L13: 40340 | M13: 40346 | O13: 40317 | Q13: =VLOOKUP(E13:E5781,[1]Лист1!$D$1:$D$2725,1,0) -> #N/A
A14: 0376100000015 | B14: Федеральное бюджетное учреждение "Государственный региональный центр стандартизации, метрологии и испытаний в Республике Адыгея" | C14: ФБУ "Адыгейский ЦСМ" | D14: 801 - включена | E14: 0105015580 | F14: 010501001 | G14: 1020100694701 | J14: 10 - автономное учреждение | L14: 40371 | M14: 40373 | O14: 39714 | Q14: =VLOOKUP(E14:E5782,[1]Лист1!$D$1:$D$2725,1,0) -> #N/A
A15: 0376100000065 | B15: федеральное государственное бюджетное образовательное учреждение высшего профессионального образования "Адыгейский государственный университет" | C15: ФГБОУ ВПО "АГУ" | D15: 801 - включена | E15: 0105017636 | F15: 010501001 | G15: 1020100698750 | J15: 10 - автономное учреждение | L15: 39863 | M15: 39972 | O15: 39939 | Q15: =VLOOKUP(E15:E5783,[1]Лист1!$D$1:$D$2725,1,0) -> 0105017636
A16: 0876100000014 | B16: ФЕДЕРАЛЬНОЕ КАЗЕННОЕ ПРОФЕССИОНАЛЬНОЕ ОБРАЗОВАТЕЛЬНОЕ УЧРЕЖДЕНИЕ № 199 ФЕДЕРАЛЬНОЙ СЛУЖБЫ ИСПОЛНЕНИЯ НАКАЗАНИЙ | C16: ФКП ОБРАЗОВАТЕЛЬНОЕ УЧРЕЖДЕНИЕ № 199 | D16: 801 - включена | E16: 0105018132 | F16: 010501001 | G16: 1020100704007 | J16: 10 - автономное учреждение | K16: 05 - организации предоставляются субсидии | L16: 39931 | M16: 40338 | O16: 40227 | Q16: =VLOOKUP(E16:E5784,[1]Лист1!$D$1:$D$2725,1,0) -> #N/A
A17: 0376100000001 | B17: Арбитражный суд Республики Адыгея | D17: 801 - включена | E17: 0105018622 | F17: 010501001 | G17: 1030100530866 | J17: 10 - автономное учреждение | L17: 40374 | M17: 40375 | O17: 40134 | Q17: =VLOOKUP(E17:E5785,[1]Лист1!$D$1:$D$2725,1,0) -> #N/A
A18: 1076100000001 | B18: федеральное автономное учреждение "Адыгейский центр профессиональной подготовки и повышения квалификации кадров Федерального дорожного агентства" | C18: ФАУ "Адыгейский ЦППК" | D18: 801 - включена | E18: 0105020886 | F18: 010501001 | G18: 1020100694481 | J18: 10 - автономное учреждение | L18: 40299 | M18: 40330 | O18: 40291 | Q18: =VLOOKUP(E18:E5786,[1]Лист1!$D$1:$D$2725,1,0) -> #N/A
A19: 0376100000013 | B19: Майкопский государственный гуманитарно-технический колледж Федерального государственного бюджетного образовательного учреждения высшего профессионального образования "Адыгейский государственный университет" | C19: МГГТК ФГБОУ ВПО "АГУ" | D19: 801 - включена | E19: 0105021456 | F19: 010501001 | G19: 1020100705470 | J19: 10 - автономное учреждение | L19: 40153 | M19: 40331 | Q19: =VLOOKUP(E19:E5787,[1]Лист1!$D$1:$D$2725,1,0) -> #N/A
A20: 0876100000017 | B20: федеральное государственное бюджетное учреждение "Управление мелиорации земель и сельскохозяйственного водоснабжения по Республике Адыгея" | C20: ФГБУ "Управление "Адыгеямелиоводхоз" | D20: 801 - включена | E20: 0105022178 | F20: 010501001 | G20: 1020100697100 | H20: 0173100000098 | I20: Федеральное агентство воздушного транспорта | J20: 10 - автономное учреждение | L20: 39895 | M20: 39971 | O20: 39960 | Q20: =VLOOKUP(E20:E5788,[1]Лист1!$D$1:$D$2725,1,0) -> 0105022178
A21: 0376100000080 | B21: Федеральное бюджетное учреждение - войсковая часть 64670 | C21: ФБУ - войсковая часть 64670 | D21: 801 - включена | E21: 0105022587 | F21: 010501001 | G21: 1020100710772 | J21: 10 - автономное учреждение | L21: 39790 | M21: 40290 | Q21: =VLOOKUP(E21:E5790,[1]Лист1!$D$1:$D$2725,1,0) -> #N/A
A22: 0876100000005 | B22: федеральное казенное учреждение "Отдел капитального строительства Управления Федеральной службы исполнения наказаний по Республике Адыгея (Адыгея)" | C22: ФКУ ОКС УФСИН России по Республике Адыгея | D22: 801 - включена | E22: 0105031366 | F22: 010501001 | G22: 1020100699970 | H22: 0173100000123 | I22: Федеральное дорожное агентство | J22: 10 - автономное учреждение | L22: 40335 | M22: 40337 | O22: 40128 | Q22: =VLOOKUP(E22:E5791,[1]Лист1!$D$1:$D$2725,1,0) -> #N/A
A23: 0876100000002 | B23: ФЕДЕРАЛЬНОЕ КАЗЕННОЕ УЧРЕЖДЕНИЕ "ЦЕНТР ИНЖЕНЕРНО-ТЕХНИЧЕСКОГО ОБЕСПЕЧЕНИЯ УПРАВЛЕНИЯ ФЕДЕРАЛЬНОЙ СЛУЖБЫ ИСПОЛНЕНИЯ НАКАЗАНИЙ ПО РЕСПУБЛИКЕ АДЫГЕЯ (АДЫГЕЯ)" | C23: ФКУ ЦИТО УФСИН РОССИИ ПО РЕСПУБЛИКЕ АДЫГЕЯ | D23: 801 - включена | E23: 0105036124 | F23: 010501001 | G23: 1020100704975 | J23: 10 - автономное учреждение | L23: 39884 | M23: 39972 | O23: 40068 | Q23: =VLOOKUP(E23:E5792,[1]Лист1!$D$1:$D$2725,1,0) -> #N/A
A24: 0876100000001 | B24: федеральное казенное учреждение "Исправительная колония № 6 Управления Федеральной службы исполнения наказаний по Республике Адыгея (Адыгея)" | C24: ФКУ ИК-6 УФСИН России по Республике Адыгея | D24: 801 - включена | E24: 0105036685 | F24: 010501001 | G24: 1020100704348 | J24: 10 - автономное учреждение | Q24: =VLOOKUP(E24:E5793,[1]Лист1!$D$1:$D$2725,1,0) -> #N/A
A25: 0876100000006 | B25: федеральное казенное учреждение "Жилищно-коммунальный отдел Управления Федеральной службы исполнения наказаний по Республике Адыгея (Адыгея)" | C25: ФКУ ЖКО УФСИН России по Республике Адыгея | D25: 801 - включена | E25: 0105038065 | F25: 010501001 | G25: 1020100707021 | J25: 10 - автономное учреждение | L25: 39731 | M25: 39972 | O25: 40290 | Q25: =VLOOKUP(E25:E5794,[1]Лист1!$D$1:$D$2725,1,0) -> #N/A
A26: 0876100000010 | B26: федеральное казенное образовательное учреждение дополнительного профессионального образования "Учебный пункт Управления Федеральной службы исполнения наказаний по Республике Адыгея (Адыгея)" | C26: ФКОУ ДПО УП УФСИН России по Республике Адыгея | D26: 801 - включена | E26: 0105038315 | F26: 010501001 | G26: 1020100706856 | J26: 10 - автономное учреждение | L26: 39640 | M26: 39971 | O26: 40242 | Q26: =VLOOKUP(E26:E5795,[1]Лист1!$D$1:$D$2725,1,0) -> #N/A
A27: 0803100000015 | B27: ФЕДЕРАЛЬНОЕ КАЗЕННОЕ УЧРЕЖДЕНИЕ "ЦЕНТР ИНЖЕНЕРНО-ТЕХНИЧЕСКОГО ОБЕСПЕЧЕНИЯ И ВООРУЖЕНИЯ УПРАВЛЕНИЯ ФЕДЕРАЛЬНОЙ СЛУЖБЫ ИСПОЛНЕНИЯ НАКАЗАНИЙ ПО РЕСПУБЛИКЕ ДАГЕСТАН" | C27: ФКУ ЦИТОВ УФСИН РОССИИ ПО РЕСПУБЛИКЕ ДАГЕСТАН | D27: 801 - включена | E27: 0105038315 | F27: 057301001 | G27: 1020100706856 | H27: 0173100000123 | I27: Федеральное дорожное агентство | J27: 10 - автономное учреждение | L27: 39679 | M27: 39971 | O27: 39826 | Q27: =VLOOKUP(E27:E5796,[1]Лист1!$D$1:$D$2725,1,0) -> #N/A
A28: 0876100000003 | B28: федеральное казенное учреждение "Центр медицинской и социальной реабилитации Управления Федеральной службы исполнения наказаний по Республике Адыгея (Адыгея)" | C28: ФКУ ЦМСР УФСИН России по Республике Адыгея | D28: 801 - включена | E28: 0105041999 | F28: 010501001 | G28: 1040100533978 | J28: 10 - автономное учреждение | L28: 39772 | M28: 39972 | O28: 39905 | Q28: =VLOOKUP(E28:E5797,[1]Лист1!$D$1:$D$2725,1,0) -> #N/A
A29: 0827100000048 | B29: ФЕДЕРАЛЬНОЕ КАЗЕННОЕ УЧРЕЖДЕНИЕ ЗДРАВООХРАНЕНИЯ "МЕДИКО-САНИТАРНАЯ ЧАСТЬ № 32 ФЕДЕРАЛЬНОЙ СЛУЖБЫ ИСПОЛНЕНИЯ НАКАЗАНИЙ" | C29: ФКУЗ МСЧ-32 ФСИН РОССИИ | D29: 801 - включена | E29: 0105041999 | F29: 325701001 | G29: 1040100533978 | H29: 0173100000123 | I29: Федеральное дорожное агентство | J29: 10 - автономное учреждение | L29: 40038 | M29: 40050 | O29: 40367 | Q29: =VLOOKUP(E29:E5798,[1]Лист1!$D$1:$D$2725,1,0) -> #N/A
A30: 0876100000015 | B30: Федеральное казенное учреждение "Главное бюро медико-социальной экспертизы по Республике Адыгея (Адыгея)" Министерства труда и социальной защиты Российской Федерации. | C30: ФКУ "ГБ МСЭ по Республике Адыгея (Адыгея)" Минтруда России. | D30: 801 - включена | E30: 0105043890 | F30: 010501001 | G30: 1040100553525 | H30: 0173100000123 | I30: Федеральное дорожное агентство | J30: 10 - автономное учреждение | L30: 39900 | M30: 39972 | Q30: =VLOOKUP(E30:E5799,[1]Лист1!$D$1:$D$2725,1,0) -> #N/A
A31: 0376100000007 | B31: Федеральное бюджетное учреждение здравоохранения "Центр гигиены и эпидемиологии в Республике Адыгея" | C31: ФБУЗ "Центр гигиены и эпидемиологии в Республике Адыгея" | D31: 801 - включена | E31: 0105044421 | F31: 010501001 | G31: 1050100534890 | H31: 0173100000123 | I31: Федеральное дорожное агентство | J31: 10 - автономное учреждение | L31: 40337 | M31: 40339 | O31: 39966 | Q31: =VLOOKUP(E31:E5800,[1]Лист1!$D$1:$D$2725,1,0) -> 0105044421
A32: 0376100000021 | B32: федеральное казеное учреждение "Центр управления в кризисных ситуациях Главного управления МЧС России по Республике Адыгея" | C32: ФКУ "ЦУКС ГУ МЧС России по Республике Адыгея" | D32: 801 - включена | E32: 0105044823 | F32: 010501001 | G32: 1050100541457 | J32: 10 - автономное учреждение | L32: 39758 | M32: 39971 | O32: 39497 | Q32: =VLOOKUP(E32:E5801,[1]Лист1!$D$1:$D$2725,1,0) -> #N/A
A33: 0876100000009 | B33: ФЕДЕРАЛЬНОЕ КАЗЕННОЕ УЧРЕЖДЕНИЕ ЗДРАВООХРАНЕНИЯ "МЕДИКО-САНИТАРНАЯ ЧАСТЬ МИНИСТЕРСТВА ВНУТРЕННИХ ДЕЛ РОССИЙСКОЙ ФЕДЕРАЦИИ ПО РЕСПУБЛИКЕ АДЫГЕЯ" | C33: ФКУЗ "МСЧ МВД РОССИИ ПО РЕСПУБЛИКЕ АДЫГЕЯ" | D33: 801 - включена | E33: 0105047430 | F33: 010501001 | G33: 1060105011361 | J33: 10 - автономное учреждение | L33: 39832 | M33: 40284 | Q33: =VLOOKUP(E33:E5802,[1]Лист1!$D$1:$D$2725,1,0) -> #N/A
A34: 0376100000035 | B34: Военный комиссариат Республики Адыгея | C34: Военный комиссариат Республики Адыгея | D34: 801 - включена | E34: 0105060159 | F34: 010501001 | G34: 1100105000126 | H34: 0173100000132 | I34: Министерство образования и науки Российской Федерации | J34: 10 - автономное учреждение | L34: 40298 | M34: 40326 | O34: 40339 | Q34: =VLOOKUP(E34:E5803,[1]Лист1!$D$1:$D$2725,1,0) -> #N/A
A35: 0876100000007 | B35: Федеральное казенное учреждение "Отдел финансового обеспечения Министерства обороны Российской Федерации по Республике Адыгея" | C35: ФКУ "ОФО МО РФ по Республике Адыгея" | D35: 801 - включена | E35: 0105062572 | F35: 010501001 | G35: 1100105002821 | H35: 0173100000123 | I35: Федеральное дорожное агентство | J35: 10 - автономное учреждение | L35: 39864 | M35: 39972 | Q35: =VLOOKUP(E35:E5804,[1]Лист1!$D$1:$D$2725,1,0) -> #N/A
A36: 0876100000016 | B36: федеральное казенное учреждение "Уголовно-исполнительная инспекция Управления Федеральной службы исполнения наказаний по Республике Адыгея (Адыгея)" | C36: ФКУ УИИ УФСИН России по Республике Адыгея | D36: 801 - включена | E36: 0105064682 | F36: 010501001 | G36: 1110105002633 | J36: 10 - автономное учреждение | L36: 40332 | M36: 40333 | O36: 40331 | Q36: =VLOOKUP(E36:E5805,[1]Лист1!$D$1:$D$2725,1,0) -> #N/A
A37: 0895100000164 | B37: федеральное казенное учреждение "Центр хозяйственного и сервисного обеспечения Министерства внутренних дел по Республике Адыгея" | C37: ФКУ "ЦХиСО МВД по Республике Адыгея" | D37: 801 - включена | E37: 0105066680 | F37: 010501001 | G37: 1120105001719 | J37: 10 - автономное учреждение | L37: 40235 | M37: 40338 | Q37: =VLOOKUP(E37:E5806,[1]Лист1!$D$1:$D$2725,1,0) -> #N/A
A38: 0895100000938 | B38: федеральное государственное казенное учреждение "Отдел вневедомственной охраны Министерства внутренних дел по Республике Адыгея" | C38: ФГКУ ОВО МВД по Республике Адыгея | D38: 801 - включена | E38: 0105067122 | F38: 010501001 | G38: 1120105002203 | J38: 10 - автономное учреждение | L38: 40298 | M38: 40326 | O38: 40331 | Q38: =VLOOKUP(E38:E5807,[1]Лист1!$D$1:$D$2725,1,0) -> #N/A
A39: 0895100001504 | B39: федеральное государственное казенное учреждение "1 отряд федеральной противопожарной службы по Республике Адыгея" | C39: ФГКУ "1 ОФПС по Республике Адыгея" | D39: 801 - включена | E39: 0105068038 | F39: 010501001 | G39: 1130105000190 | J39: 10 - автономное учреждение | L39: 40366 | M39: 40368 | O39: 40033 | Q39: =VLOOKUP(E39:E5808,[1]Лист1!$D$1:$D$2725,1,0) -> #N/A
A40: 0876100000004 | B40: федеральное казенное учреждение "Исправительная колония № 2 Управления Федеральной службы исполнения наказаний по Республике Адыгея (Адыгея)" | C40: ФКУ ИК № 2 УФСИН России по Республике Адыгея | D40: 801 - включена | E40: 0106000346 | F40: 010701001 | G40: 1020100822422 | J40: 10 - автономное учреждение | L40: 40332 | M40: 40333 | Q40: =VLOOKUP(E40:E5809,[1]Лист1!$D$1:$D$2725,1,0) -> #N/A
A41: 0876100000012 | B41: федеральное казенное учреждение "Колония-поселение № 3 Управления Федеральной службы исполнения наказаний по Республике Адыгея (Адыгея)" | C41: ФКУ КП-3 УФСИН России по Республике Адыгея | D41: 801 - включена | E41: 0106008930 | F41: 010701001 | G41: 1020100822862 | H41: 0173100000123 | I41: Федеральное дорожное агентство | J41: 10 - автономное учреждение | L41: 39771 | M41: 39971 | O41: 40022 | Q41: =VLOOKUP(E41:E5810,[1]Лист1!$D$1:$D$2725,1,0) -> #N/A
A42: 0376100000036 | B42: федеральное казенное учреждение "Исправительная колония № 1 Управления Федеральной службы исполнения наказаний по Республике Адыгея (Адыгея)" | C42: ФКУ ИК-1 УФСИН России по Республике Адыгея | D42: 801 - включена | E42: 0107005795 | F42: 010701001 | G42: 1020100859899 | H42: 0173100000123 | I42: Федеральное дорожное агентство | J42: 10 - автономное учреждение | L42: 40332 | M42: 40333 | O42: 40323 | Q42: =VLOOKUP(E42:E5811,[1]Лист1!$D$1:$D$2725,1,0) -> #N/A
A43: 0376100000032 | B43: ФЕДЕРАЛЬНОЕ КАЗЕННОЕ ПРОФЕССИОНАЛЬНОЕ ОБРАЗОВАТЕЛЬНОЕ УЧРЕЖДЕНИЕ №200 ФЕДЕРАЛЬНОЙ СЛУЖБЫ ИСПОЛНЕНИЯ НАКАЗАНИЙ | C43: ФКП ОБРАЗОВАТЕЛЬНОЕ УЧРЕЖДЕНИЕ № 200 | D43: 801 - включена | E43: 0107005820 | F43: 010701001 | G43: 1040100669498 | H43: 0173100000123 | I43: Федеральное дорожное агентство | J43: 10 - автономное учреждение | L43: 40048 | M43: 40157 | O43: 40278 | Q43: =VLOOKUP(E43:E5812,[1]Лист1!$D$1:$D$2725,1,0) -> #N/A
A44: 0376100000061 | B44: федеральное казенное учреждение "Следственный изолятор № 2 Управления Федеральной службы исполнения наказаний по Республике Адыгея (Адыгея)" | C44: ФКУ СИЗО-2 УФСИН России по Республике Адыгея | D44: 801 - включена | E44: 0107006774 | F44: 010701001 | G44: 1020100861208 | H44: 0173100000135 | I44: Министерство обороны Российской Федерации | J44: 10 - автономное учреждение | Q44: =VLOOKUP(E44:E5813,[1]Лист1!$D$1:$D$2725,1,0) -> #N/A
A45: 0301100000180 | B45: Отдел Министерства внутренних дел Российской Федерации по Абзелиловскому району | C45: Отдел МВД России по Абзелиловскому району | D45: 801 - включена | E45: 0201000530 | F45: 020101001 | G45: 1020202035600 | H45: 0173100000135 | I45: Министерство обороны Российской Федерации | J45: 08 - казенное учреждение | L45: 39639 | M45: 40334 | Q45: =VLOOKUP(E45:E5814,[1]Лист1!$D$1:$D$2725,1,0) -> #N/A
A46: 0801100000046 | B46: ФЕДЕРАЛЬНОЕ ГОСУДАРСТВЕННОЕ КАЗЕННОЕ УЧРЕЖДЕНИЕ "14 ОТРЯД ФЕДЕРАЛЬНОЙ ПРОТИВОПОЖАРНОЙ СЛУЖБЫ ПО РЕСПУБЛИКЕ БАШКОРТОСТАН" | C46: ФГКУ "14 ОТРЯД ФПС ПО РЕСПУБЛИКЕ БАШКОРТОСТАН" | D46: 801 - включена | E46: 0205001929 | F46: 026801001 | G46: 1020201256503 | H46: 0173100000135 | I46: Министерство обороны Российской Федерации | J46: 08 - казенное учреждение | L46: 40353 | M46: 40354 | Q46: =VLOOKUP(E46:E5815,[1]Лист1!$D$1:$D$2725,1,0) -> #N/A
A47: 0301100000241 | B47: Федеральное государственное бюджетное учреждение "Государственный природный заповедник "Шульган-Таш" | C47: ФГБУ "Государственный заповедник "Шульган-таш" | D47: 801 - включена | E47: 0218000136 | F47: 021801001 | G47: 1030202047875 | H47: 0173100000135 | I47: Министерство обороны Российской Федерации | J47: 08 - казенное учреждение | L47: 39888 | M47: 40339 | Q47: =VLOOKUP(E47:E5816,[1]Лист1!$D$1:$D$2725,1,0) -> 0218000136
A48: 0801100000050 | B48: ФЕДЕРАЛЬНОЕ ГОСУДАРСТВЕННОЕ КАЗЕННОЕ УЧРЕЖДЕНИЕ "32 ОТРЯД ФЕДЕРАЛЬНОЙ ПРОТИВОПОЖАРНОЙ СЛУЖБЫ ПО РЕСПУБЛИКЕ БАШКОРТОСТАН" | C48: ФГКУ"32 ОТРЯД ФПС ПО РЕСПУБЛИКЕ БАШКОРТОСТАН" | D48: 801 - включена | E48: 0220000920 | F48: 022001001 | G48: 1020200786671 | H48: 0173100000135 | I48: Министерство обороны Российской Федерации | J48: 08 - казенное учреждение | L48: 40332 | M48: 40338 | Q48: =VLOOKUP(E48:E5817,[1]Лист1!$D$1:$D$2725,1,0) -> #N/A
A49: 0301100000165 | B49: Межмуниципальный отдел Министерства внутренних дел Российской Федерации "Иглинский" | C49: Межмуниципальный отдел МВД России "Иглинский" | D49: 801 - включена | E49: 0224001346 | F49: 022401001 | G49: 1020200883196 | H49: 0173100000135 | I49: Министерство обороны Российской Федерации | J49: 08 - казенное учреждение | L49: 40299 | M49: 40339 | Q49: =VLOOKUP(E49:E5818,[1]Лист1!$D$1:$D$2725,1,0) -> #N/A
A50: 0801100000049 | B50: федеральное государственное казенное учреждение "18 отряд федеральной противопожарной службы по Республике Башкортостан" | C50: ФГКУ "18 отряд ФПС по Республике Башкортостан" | D50: 801 - включена | E50: 0225007573 | F50: 022501001 | G50: 1040202274188 | H50: 0173100000135 | I50: Министерство обороны Российской Федерации | J50: 08 - казенное учреждение | L50: 40332 | M50: 40338 | Q50: =VLOOKUP(E50:E5819,[1]Лист1!$D$1:$D$2725,1,0) -> #N/A
A51: 0301100000352 | B51: Межмуниципальный отдел Министерства внутренних дел Российской Федерации "Кармаскалинский" | C51: Межмуниципальный отдел МВД России "Кармаскалинский" | D51: 801 - включена | E51: 0229002417 | F51: 022901001 | G51: 1020200974749 | H51: 0173100000135 | I51: Министерство обороны Российской Федерации | J51: 08 - казенное учреждение | L51: 40155 | M51: 40339 | Q51: =VLOOKUP(E51:E5820,[1]Лист1!$D$1:$D$2725,1,0) -> #N/A
A52: 0801100000011 | B52: федеральное государственное казенное образовательное учреждение дополнительного профессионального образования "Уфимская школа по подготовке специалистов-кинологов Министерства внутренних дел Российской Федерации" | C52: УШПСК МВД России | D52: 801 - включена | E52: 0229008641 | F52: 022901001 | G52: 1020200975068 | H52: 0173100000135 | I52: Министерство обороны Российской Федерации | J52: 08 - казенное учреждение | L52: 39949 | M52: 40277 | Q52: =VLOOKUP(E52:E5821,[1]Лист1!$D$1:$D$2725,1,0) -> #N/A
A53: 0801100000029 | B53: федеральное казенное учреждение "Стерлитамакская воспитательная колония Главного управления Федеральной службы исполнения наказаний по Республике Башкортостан" | C53: ФКУ Стерлитамакская ВК ГУФСИН России по Республике Башкортостан | D53: 801 - включена | E53: 0242004029 | F53: 024201001 | G53: 1020201250080 | H53: 0173100000138 | I53: Федеральная таможенная служба | J53: 08 - казенное учреждение | L53: 40332 | M53: 40333 | Q53: =VLOOKUP(E53:E5822,[1]Лист1!$D$1:$D$2725,1,0) -> #N/A
A54: 0801100000032 | B54: федеральное казенное общеобразовательное учреждение "Вечерняя (сменная) общеобразовательная школа Главного управления Федеральной службы исполнения наказаний по Республике Башкортостан" | C54: ФКОУ В(С)ОШ ГУФСИН России по Республике Башкортостан | D54: 801 - включена | E54: 0242007534 | F54: 024201001 | G54: 1060242007924 | H54: 0173100000107 | I54: Федеральная служба исполнения наказаний | J54: 08 - казенное учреждение | N54: 320 | O54: 40015 | Q54: =VLOOKUP(E54:E5823,[1]Лист1!$D$1:$D$2725,1,0) -> #N/A
A55: 0301100000042 | B55: ФЕДЕРАЛЬНОЕ КАЗЕННОЕ УЧРЕЖДЕНИЕ "37 ОТРЯД ФЕДЕРАЛЬНОЙ ПРОТИВОПОЖАРНОЙ СЛУЖБЫ ГОСУДАРСТВЕННОЙ ПРОТИВОПОЖАРНОЙ СЛУЖБЫ ПО РЕСПУБЛИКЕ БАШКОРТОСТАН (ДОГОВОРНОЙ)" | C55: ФКУ "37 ОФПС ГПС ПО РЕСПУБЛИКЕ БАШКОРТОСТАН (ДОГОВОРНОЙ)" | D55: 801 - включена | E55: 0245013590 | F55: 024501001 | G55: 1040202317275 | H55: 0173100000064 | I55: Федеральное агентство морского и речного транспорта | J55: 08 - казенное учреждение | L55: 40022 | M55: 40194 | Q55: =VLOOKUP(E55:E5824,[1]Лист1!$D$1:$D$2725,1,0) -> #N/A
A56: 0301100000030 | B56: федеральное государственное казенное учреждение "15 отряд федеральной противопожарной службы по Республике Башкортостан" | C56: ФГКУ "15 отряд ФПС по Республике Башкортостан" | D56: 801 - включена | E56: 0254000830 | F56: 025401001 | G56: 1020201543306 | H56: 0173100000107 | I56: Федеральная служба исполнения наказаний | J56: 08 - казенное учреждение | L56: 40040 | M56: 40101 | N56: 320 | O56: 40292 | Q56: =VLOOKUP(E56:E5825,[1]Лист1!$D$1:$D$2725,1,0) -> #N/A
A57: 0801100000048 | B57: ФЕДЕРАЛЬНОЕ ГОСУДАРСТВЕННОЕ КАЗЕННОЕ УЧРЕЖДЕНИЕ "28 ОТРЯД ФЕДЕРАЛЬНОЙ ПРОТИВОПОЖАРНОЙ СЛУЖБЫ ПО РЕСПУБЛИКЕ БАШКОРТОСТАН" | C57: ФГКУ "28 ОТРЯД ФПС ПО РЕСПУБЛИКЕ БАШКОРТОСТАН" | D57: 801 - включена | E57: 0256002857 | F57: 025601001 | G57: 1030202045147 | H57: 0173100000135 | I57: Министерство обороны Российской Федерации | J57: 08 - казенное учреждение | L57: 40045 | M57: 40334 | N57: 187 | O57: 40276 | Q57: =VLOOKUP(E57:E5826,[1]Лист1!$D$1:$D$2725,1,0) -> #N/A
A58: 0801100000025 | B58: федеральное казенное учреждение "Следственный изолятор № 2 Главного управления Федеральной службы исполнения наказаний по Республике Башкортостан" | C58: ФКУ СИЗО - 2 ГУФСИН России по Республике Башкортостан | D58: 801 - включена | E58: 0256004491 | F58: 025601001 | G58: 1030202043300 | H58: 0173100000107 | I58: Федеральная служба исполнения наказаний | J58: 08 - казенное учреждение | N58: 320 | O58: 40054 | Q58: =VLOOKUP(E58:E5827,[1]Лист1!$D$1:$D$2725,1,0) -> #N/A
A59: 0301100000026 | B59: федеральное бюджетное учреждение "Межрайонная уголовно-исполнительная инспекция № 2 Главного управления Федеральной службы исполнения наказаний по Республике Башкортостан" | C59: ФБУ МРУИИ № 2 ГУФСИН России по Республике Башкортостан | D59: 801 - включена | E59: 0256015856 | F59: 025601001 | G59: 1050202055771 | H59: 0173100000140 | I59: Министерство Российской Федерации по делам гражданской обороны, чрезвычайным ситуациям и ликвидации последствий стихийных бедствий | J59: 08 - казенное учреждение | L59: 39957 | M59: 40334 | N59: 177 | O59: 39980 | Q59: =VLOOKUP(E59:E5828,[1]Лист1!$D$1:$D$2725,1,0) -> #N/A
A60: 0801100000014 | B60: федеральное казенное учреждение "Следственный изолятор № 4 Главного управления Федеральной службы исполнения наказаний по Республике Башкортостан" | C60: ФКУ СИЗО-4 ГУФСИН России по Республике Башкортостан | D60: 801 - включена | E60: 0257003003 | F60: 025701001 | G60: 1020201689265 | H60: 0173100000065 | I60: Федеральная служба судебных приставов | J60: 08 - казенное учреждение | Q60: =VLOOKUP(E60:E5829,[1]Лист1!$D$1:$D$2725,1,0) -> #N/A
A61: 0801100000045 | B61: ФЕДЕРАЛЬНОЕ ГОСУДАРСТВЕННОЕ КАЗЕННОЕ УЧРЕЖДЕНИЕ "26 ОТРЯД ФЕДЕРАЛЬНОЙ ПРОТИВОПОЖАРНОЙ СЛУЖБЫ ПО РЕСПУБЛИКЕ БАШКОРТОСТАН" | C61: ФГКУ "26 ОТРЯД ФПС ПО РЕСПУБЛИКЕ БАШКОРТОСТАН" | D61: 801 - включена | E61: 0257006420 | F61: 025701001 | G61: 1040201246546 | H61: 0173100000140 | I61: Министерство Российской Федерации по делам гражданской обороны, чрезвычайным ситуациям и ликвидации последствий стихийных бедствий | J61: 08 - казенное учреждение | L61: 39864 | M61: 39972 | N61: 177 | O61: 39963 | Q61: =VLOOKUP(E61:E5830,[1]Лист1!$D$1:$D$2725,1,0) -> #N/A
A62: 0301100000160 | B62: ФЕДЕРАЛЬНОЕ ГОСУДАРСТВЕННОЕ КАЗЕННОЕ УЧРЕЖДЕНИЕ "16 ОТРЯД ФЕДЕРАЛЬНОЙ ПРОТИВОПОЖАРНОЙ СЛУЖБЫ ПО РЕСПУБЛИКЕ БАШКОРТОСТАН" | C62: ФГКУ "16 ОТРЯД ФПС ПО РЕСПУБЛИКЕ БАШКОРТОСТАН" | D62: 801 - включена | E62: 0259007500 | F62: 025001001 | G62: 1040202230419 | H62: 0373100000615 | I62: Министерство внутренних дел Российской Федерации | J62: 08 - казенное учреждение | L62: 40191 | M62: 40337 | N62: 188 | O62: 40166 | Q62: =VLOOKUP(E62:E5831,[1]Лист1!$D$1:$D$2725,1,0) -> #N/A
A63: 0301100000149 | B63: федеральное казенное учреждение "Следственный изолятор № 5 Главного управления Федеральной службы исполнения наказаний по Республике Башкортостан" | C63: ФКУ СИЗО-5 ГУФСИН России по Республике Башкортостан | D63: 801 - включена | E63: 0260001415 | F63: 026001001 | G63: 1020201755859 | H63: 0173100000140 | I63: Министерство Российской Федерации по делам гражданской обороны, чрезвычайным ситуациям и ликвидации последствий стихийных бедствий | J63: 08 - казенное учреждение | L63: 39897 | M63: 39972 | N63: 177 | O63: 40123 | Q63: =VLOOKUP(E63:E5832,[1]Лист1!$D$1:$D$2725,1,0) -> #N/A
A64: 0301100000144 | B64: Отдел Министерства внутренних дел Российской Федерации по городу Кумертау | C64: Отдел МВД России по городу Кумертау | D64: 801 - включена | E64: 0262003633 | F64: 026201001 | G64: 1020201812575 | H64: 0373100000615 | I64: Министерство внутренних дел Российской Федерации | J64: 08 - казенное учреждение | L64: 39864 | M64: 40270 | N64: 188 | O64: 40278 | Q64: =VLOOKUP(E64:E5833,[1]Лист1!$D$1:$D$2725,1,0) -> #N/A
A65: 0801100000052 | B65: ФЕДЕРАЛЬНОЕ ГОСУДАРСТВЕННОЕ КАЗЕННОЕ УЧРЕЖДЕНИЕ "11 ОТРЯД ФЕДЕРАЛЬНОЙ ПРОТИВОПОЖАРНОЙ СЛУЖБЫ ПО РЕСПУБЛИКЕ БАШКОРТОСТАН" | C65: ФГКУ "11 ОТРЯД ФПС ПО РЕСПУБЛИКЕ БАШКОРТОСТАН" | D65: 801 - включена | E65: 0262012571 | F65: 026201001 | G65: 1040201636848 | H65: 0173100000135 | I65: Министерство обороны Российской Федерации | J65: 08 - казенное учреждение | L65: 40365 | M65: 40367 | N65: 187 | O65: 40352 | Q65: =VLOOKUP(E65:E5834,[1]Лист1!$D$1:$D$2725,1,0) -> #N/A
A66: 0801100000035 | B66: ФЕДЕРАЛЬНОЕ КАЗЕННОЕ ПРОФЕССИОНАЛЬНОЕ ОБРАЗОВАТЕЛЬНОЕ УЧРЕЖДЕНИЕ № 137 ФЕДЕРАЛЬНОЙ СЛУЖБЫ ИСПОЛНЕНИЯ НАКАЗАНИЙ | C66: ФКП ОБРАЗОВАТЕЛЬНОЕ УЧРЕЖДЕНИЕ № 137 | D66: 801 - включена | E66: 0263002375 | F66: 026301001 | G66: 1020201846972 | H66: 0373100000615 | I66: Министерство внутренних дел Российской Федерации | J66: 08 - казенное учреждение | L66: 40209 | M66: 40278 | Q66: =VLOOKUP(E66:E5835,[1]Лист1!$D$1:$D$2725,1,0) -> #N/A
A67: 0801100000017 | B67: ФЕДЕРАЛЬНОЕ КАЗЕННОЕ УЧРЕЖДЕНИЕ "ИСПРАВИТЕЛЬНАЯ КОЛОНИЯ № 7 ГЛАВНОГО УПРАВЛЕНИЯ ФЕДЕРАЛЬНОЙ СЛУЖБЫ ИСПОЛНЕНИЯ НАКАЗАНИЙ ПО РЕСПУБЛИКЕ БАШКОРТОСТАН" | C67: ФКУ ИК-7 ГУФСИН РОССИИ ПО РЕСПУБЛИКЕ БАШКОРТОСТАН | D67: 801 - включена | E67: 0263005016 | F67: 026301001 | G67: 1020201848127 | H67: 0173100000140 | I67: Министерство Российской Федерации по делам гражданской обороны, чрезвычайным ситуациям и ликвидации последствий стихийных бедствий | J67: 08 - казенное учреждение | L67: 40301 | M67: 40333 | N67: 177 | O67: 40206 | Q67: =VLOOKUP(E67:E5836,[1]Лист1!$D$1:$D$2725,1,0) -> #N/A
A68: 0301100000027 | B68: федеральное бюджетное учреждение "Межрайонная уголовно-исполнительная инспекция № 10 Главного управления Федеральной службы исполнения наказаний по Республике Башкортостан" | C68: ФБУ МРУИИ № 10 ГУФСИН России по Республике Башкортостан | D68: 801 - включена | E68: 0264052450 | F68: 026401001 | G68: 1050203267003 | H68: 0173100000135 | I68: Министерство обороны Российской Федерации | J68: 08 - казенное учреждение | L68: 39846 | M68: 40285 | Q68: =VLOOKUP(E68:E5837,[1]Лист1!$D$1:$D$2725,1,0) -> #N/A
A69: 0801100000006 | B69: федеральное казенное учреждение "Лечебное исправительное учреждение № 19 Главного управления Федеральной службы исполнения наказаний по Республике Башкортостан" | C69: ФКУ ЛИУ-19 ГУФСИН России по Республике Башкортостан | D69: 801 - включена | E69: 0266007276 | F69: 026601001 | G69: 1020201999355 | H69: 0173100000135 | I69: Министерство обороны Российской Федерации | J69: 08 - казенное учреждение | L69: 39653 | M69: 40206 | Q69: =VLOOKUP(E69:E5838,[1]Лист1!$D$1:$D$2725,1,0) -> #N/A
A70: 0301100000187 | B70: федеральное казенное учреждение "2 отряд федеральной противопожарной службы Государственной противопожарной службы по Республике Башкортостан (договорной)" | C70: ФКУ "2 ОФПС ГПС по Республике Башкортостан (договорной)" | D70: 801 - включена | E70: 0266007621 | F70: 026601001 | G70: 1020201999652 | I70: Федеральная миграционная служба | J70: 08 - казенное учреждение | L70: 39948 | M70: 40194 | Q70: =VLOOKUP(E70:E5839,[1]Лист1!$D$1:$D$2725,1,0) -> #N/A
A71: 0301100000322 | B71: Федеральное государственное бюджетное учреждение здравоохранения "Центр гигиены и эпидемиологии № 20 Федерального медико-биологического агентства" | C71: ФГБУЗ ЦГиЭ № 20 ФМБА России | D71: 801 - включена | E71: 0266007974 | F71: 026601001 | G71: 1020201997859 | H71: 0373100000615 | I71: Министерство внутренних дел Российской Федерации | J71: 08 - казенное учреждение | L71: 40335 | M71: 40338 | N71: 188 | O71: 40268 | Q71: =VLOOKUP(E71:E5840,[1]Лист1!$D$1:$D$2725,1,0) -> #N/A
A72: 0801100000007 | B72: ФЕДЕРАЛЬНОЕ КАЗЕННОЕ УЧРЕЖДЕНИЕ "ИСПРАВИТЕЛЬНАЯ КОЛОНИЯ № 2 ГЛАВНОГО УПРАВЛЕНИЯ ФЕДЕРАЛЬНОЙ СЛУЖБЫ ИСПОЛНЕНИЯ НАКАЗАНИЙ ПО РЕСПУБЛИКЕ БАШКОРТОСТАН" | C72: ФКУ ИК-2 ГУФСИН РОССИИ ПО РЕСПУБЛИКЕ БАШКОРТОСТАН | D72: 801 - включена | E72: 0266014530 | F72: 026601001 | G72: 1020201999113 | H72: 0373100000615 | I72: Министерство внутренних дел Российской Федерации | J72: 08 - казенное учреждение | L72: 40209 | M72: 40271 | N72: 188 | O72: 39997 | Q72: =VLOOKUP(E72:E5841,[1]Лист1!$D$1:$D$2725,1,0) -> #N/A
A73: 0801100000004 | B73: федеральное казенное учреждение "Исправительная колония № 4 Главного управления Федеральной службы исполнения наказаний по Республике Башкортостан" | C73: ФКУ ИК-4 ГУФСИН России по Республике Башкортостан | D73: 801 - включена | E73: 0266014587 | F73: 026601001 | G73: 1020201998266 | H73: 0373100000615 | I73: Министерство внутренних дел Российской Федерации | J73: 08 - казенное учреждение | Q73: =VLOOKUP(E73:E5842,[1]Лист1!$D$1:$D$2725,1,0) -> #N/A
A74: 0801100000005 | B74: федеральное казенное учреждение "Исправительная колония № 16 Главного управления Федеральной службы исполнения наказаний по Республике Башкортостан" | C74: ФКУ ИК-16 ГУФСИН России по Республике Башкортостан | D74: 801 - включена | E74: 0266014611 | F74: 026601001 | G74: 1020201997310 | H74: 0373100000615 | I74: Министерство внутренних дел Российской Федерации | J74: 08 - казенное учреждение | L74: 39758 | M74: 40065 | N74: 188 | O74: 39946 | Q74: =VLOOKUP(E74:E5843,[1]Лист1!$D$1:$D$2725,1,0) -> #N/A
A75: 0801100000009 | B75: ФЕДЕРАЛЬНОЕ КАЗЕННОЕ ПРОФЕССИОНАЛЬНОЕ ОБРАЗОВАТЕЛЬНОЕ УЧРЕЖДЕНИЕ № 139 ФЕДЕРАЛЬНОЙ СЛУЖБЫ ИСПОЛНЕНИЯ НАКАЗАНИЙ | C75: ФКП ОБРАЗОВАТЕЛЬНОЕ УЧРЕЖДЕНИЕ № 139 | D75: 801 - включена | E75: 0266017524 | F75: 026601001 | G75: 1020201996451 | H75: 0173100000067 | I75: Федеральное космическое агентство | J75: 08 - казенное учреждение | L75: 39905 | M75: 40312 | N75: 259 | O75: 40054 | Q75: =VLOOKUP(E75:E5844,[1]Лист1!$D$1:$D$2725,1,0) -> #N/A
A76: 0801100000012 | B76: ФЕДЕРАЛЬНОЕ КАЗЕННОЕ ПРОФЕССИОНАЛЬНОЕ ОБРАЗОВАТЕЛЬНОЕ УЧРЕЖДЕНИЕ № 142 ФЕДЕРАЛЬНОЙ СЛУЖБЫ ИСПОЛНЕНИЯ НАКАЗАНИЙ | C76: ФКП ОБРАЗОВАТЕЛЬНОЕ УЧРЕЖДЕНИЕ № 142 | D76: 801 - включена | E76: 0266019384 | F76: 026601001 | G76: 1020201996792 | H76: 0373100000615 | I76: Министерство внутренних дел Российской Федерации | J76: 08 - казенное учреждение | L76: 40298 | M76: 40331 | N76: 188 | O76: 40327 | Q76: =VLOOKUP(E76:E5845,[1]Лист1!$D$1:$D$2725,1,0) -> #N/A
A77: 0801100000008 | B77: ФЕДЕРАЛЬНОЕ КАЗЕННОЕ ПРОФЕССИОНАЛЬНОЕ ОБРАЗОВАТЕЛЬНОЕ УЧРЕЖДЕНИЕ №144 ФЕДЕРАЛЬНОЙ СЛУЖБЫ ИСПОЛНЕНИЯ НАКАЗАНИЙ | C77: ФКП ОБРАЗОВАТЕЛЬНОЕ УЧРЕЖДЕНИЕ №144 | D77: 801 - включена | E77: 0266021295 | F77: 026801001 | G77: 1020201998530 | H77: 0373100000615 | I77: Министерство внутренних дел Российской Федерации | J77: 08 - казенное учреждение | L77: 40031 | M77: 40338 | N77: 188 | O77: 40065 | Q77: =VLOOKUP(E77:E5846,[1]Лист1!$D$1:$D$2725,1,0) -> #N/A
A78: 0801100000030 | B78: ФЕДЕРАЛЬНОЕ КАЗЕННОЕ ПРОФЕССИОНАЛЬНОЕ ОБРАЗОВАТЕЛЬНОЕ УЧРЕЖДЕНИЕ № 140 ФЕДЕРАЛЬНОЙ СЛУЖБЫ ИСПОЛНЕНИЯ НАКАЗАНИЙ | C78: ФКП ОБРАЗОВАТЕЛЬНОЕ УЧРЕЖДЕНИЕ № 140 | D78: 801 - включена | E78: 0268012419 | F78: 026801001 | G78: 1020202088280 | H78: 0373100000615 | I78: Министерство внутренних дел Российской Федерации | J78: 08 - казенное учреждение | L78: 40340 | M78: 40346 | N78: 188 | O78: 40264 | Q78: =VLOOKUP(E78:E5847,[1]Лист1!$D$1:$D$2725,1,0) -> #N/A
A79: 0801100000031 | B79: ФЕДЕРАЛЬНОЕ КАЗЕННОЕ ПРОФЕССИОНАЛЬНОЕ ОБРАЗОВАТЕЛЬНОЕ УЧРЕЖДЕНИЕ № 141 ФЕДЕРАЛЬНОЙ СЛУЖБЫ ИСПОЛНЕНИЯ НАКАЗАНИЙ | C79: ФКП ОБРАЗОВАТЕЛЬНОЕ УЧРЕЖДЕНИЕ № 141 | D79: 801 - включена | E79: 0268012426 | F79: 024201001 | G79: 1020201258043 | H79: 0373100000615 | I79: Министерство внутренних дел Российской Федерации | J79: 08 - казенное учреждение | L79: 40335 | M79: 40338 | N79: 188 | O79: 40052 | Q79: =VLOOKUP(E79:E5848,[1]Лист1!$D$1:$D$2725,1,0) -> #N/A
A80: 0801100000033 | B80: федеральное казенное учреждение "Следственный изолятор № 3 Главного управления Федеральной службы исполнения наказаний по Республике Башкортостан" | C80: ФКУ СИЗО-3 ГУФСИН России по Республике Башкортостан | D80: 801 - включена | E80: 0268012641 | F80: 026801001 | G80: 1030203420576 | H80: 0373100000615 | I80: Министерство внутренних дел Российской Федерации | J80: 08 - казенное учреждение | L80: 40034 | M80: 40334 | N80: 188 | O80: 40080 | Q80: =VLOOKUP(E80:E5849,[1]Лист1!$D$1:$D$2725,1,0) -> #N/A
A81: 0801100000026 | B81: ФЕДЕРАЛЬНОЕ КАЗЕННОЕ УЧРЕЖДЕНИЕ "ИСПРАВИТЕЛЬНАЯ КОЛОНИЯ № 21 ГЛАВНОГО УПРАВЛЕНИЯ ФЕДЕРАЛЬНОЙ СЛУЖБЫ ИСПОЛНЕНИЯ НАКАЗАНИЙ ПО РЕСПУБЛИКЕ БАШКОРТОСТАН" | C81: ФКУ ИК-21 ГУФСИН РОССИИ ПО РЕСПУБЛИКЕ БАШКОРТОСТАН | D81: 801 - включена | E81: 0268013966 | F81: 026801001 | G81: 1030203424470 | H81: 0373100000615 | I81: Министерство внутренних дел Российской Федерации | J81: 08 - казенное учреждение | N81: 188 | O81: 40261 | Q81: =VLOOKUP(E81:E5850,[1]Лист1!$D$1:$D$2725,1,0) -> #N/A
A82: 0801100000002 | B82: федеральное казенное учреждение "Исправительная колония № 8 Главного управления Федеральной службы исполнения наказаний по Республике Башкортостан" | C82: ФКУ ИК-8 ГУФСИН России по Республике Башкортостан | D82: 801 - включена | E82: 0268021734 | F82: 026801001 | G82: 1030203421258 | H82: 0373100000615 | I82: Министерство внутренних дел Российской Федерации | J82: 08 - казенное учреждение | L82: 40300 | M82: 40337 | N82: 188 | O82: 40348 | Q82: =VLOOKUP(E82:E5851,[1]Лист1!$D$1:$D$2725,1,0) -> #N/A
A83: 0801100000018 | B83: федеральное казенное учреждение "Колония-поселение № 6 Главного управления Федеральной службы исполнения наказаний по Республике Башкортостан" | C83: ФКУ КП-6 ГУФСИН России по Республике Башкортостан | D83: 801 - включена | E83: 0268031919 | F83: 026801001 | G83: 1030203426736 | H83: 0173100000135 | I83: Министерство обороны Российской Федерации | J83: 08 - казенное учреждение | L83: 40202 | M83: 40338 | Q83: =VLOOKUP(E83:E5852,[1]Лист1!$D$1:$D$2725,1,0) -> #N/A
A84: 0301100000205 | B84: Межрайонная инспекция Федеральной налоговой службы № 27 по Республике Башкортостан | C84: Межрайонная ИФНС России № 27 по Республике Башкортостан | D84: 801 - включена | E84: 0269004690 | F84: 026901001 | G84: 1040208002780 | H84: 0373100000615 | I84: Министерство внутренних дел Российской Федерации | J84: 08 - казенное учреждение | L84: 39843 | M84: 39972 | Q84: =VLOOKUP(E84:E5853,[1]Лист1!$D$1:$D$2725,1,0) -> #N/A
A85: 0801100000047 | B85: федеральное государственное казенное учреждение "12 отряд федеральной противопожарной службы по Республике Башкортостан" | C85: ФГКУ "12 отряд ФПС по Республике Башкортостан" | D85: 801 - включена | E85: 0269021247 | F85: 026901001 | G85: 1040203558780 | H85: 0373100000615 | I85: Министерство внутренних дел Российской Федерации | J85: 08 - казенное учреждение | L85: 39977 | M85: 40281 | Q85: =VLOOKUP(E85:E5854,[1]Лист1!$D$1:$D$2725,1,0) -> #N/A
A86: 0801100000036 | B86: ФЕДЕРАЛЬНОЕ КАЗЕННОЕ УЧРЕЖДЕНИЕ "ИСПРАВИТЕЛЬНАЯ КОЛОНИЯ №3 ГЛАВНОГО УПРАВЛЕНИЯ ФЕДЕРАЛЬНОЙ СЛУЖБЫ ИСПОЛНЕНИЯ НАКАЗАНИЙ ПО РЕСПУБЛИКЕ БАШКОРТОСТАН" | C86: ФКУ ИК-3 ГУФСИН РОССИИ ПО РЕСПУБЛИКЕ БАШКОРТОСТАН | D86: 801 - включена | E86: 0273012622 | F86: 027301001 | G86: 1030203726310 | H86: 0373100000615 | I86: Министерство внутренних дел Российской Федерации | J86: 08 - казенное учреждение | L86: 39831 | M86: 40334 | N86: 188 | O86: 40022 | Q86: =VLOOKUP(E86:E5855,[1]Лист1!$D$1:$D$2725,1,0) -> #N/A
A87: 0801100000039 | B87: ФЕДЕРАЛЬНОЕ КАЗЕННОЕ УЧРЕЖДЕНИЕ "ИСПРАВИТЕЛЬНАЯ КОЛОНИЯ № 13 ГЛАВНОГО УПРАВЛЕНИЯ ФЕДЕРАЛЬНОЙ СЛУЖБЫ ИСПОЛНЕНИЯ НАКАЗАНИЙ ПО РЕСПУБЛИКЕ БАШКОРТОСТАН" | C87: ФКУ ИК-13 ГУФСИН РОССИИ ПО РЕСПУБЛИКЕ БАШКОРТОСТАН | D87: 801 - включена | E87: 0273033862 | F87: 027301001 | G87: 1030203723538 | H87: 0373100000615 | I87: Министерство внутренних дел Российской Федерации | J87: 08 - казенное учреждение | L87: 39731 | M87: 40057 | N87: 188 | O87: 40219 | Q87: =VLOOKUP(E87:E5856,[1]Лист1!$D$1:$D$2725,1,0) -> #N/A
A88: 0801100000037 | B88: ФЕДЕРАЛЬНОЕ КАЗЕННОЕ УЧРЕЖДЕНИЕ "КОЛОНИЯ-ПОСЕЛЕНИЕ № 5 ГЛАВНОГО УПРАВЛЕНИЯ ФЕДЕРАЛЬНОЙ СЛУЖБЫ ИСПОЛНЕНИЯ НАКАЗАНИЙ ПО РЕСПУБЛИКЕ БАШКОРТОСТАН" | C88: ФКУ КП-5 ГУФСИН РОССИИ ПО РЕСПУБЛИКЕ БАШКОРТОСТАН | D88: 801 - включена | E88: 0273034305 | F88: 027301001 | G88: 1030203725221 | H88: 0373100000615 | I88: Министерство внутренних дел Российской Федерации | J88: 08 - казенное учреждение | L88: 39697 | M88: 40338 | N88: 188 | O88: 40261 | Q88: =VLOOKUP(E88:E5857,[1]Лист1!$D$1:$D$2725,1,0) -> #N/A
A89: 0801100000021 | B89: ФЕДЕРАЛЬНОЕ КАЗЕННОЕ ПРОФЕССИОНАЛЬНОЕ ОБРАЗОВАТЕЛЬНОЕ УЧРЕЖДЕНИЕ № 136 ФЕДЕРАЛЬНОЙ СЛУЖБЫ ИСПОЛНЕНИЯ НАКАЗАНИЙ | C89: ФКП ОБРАЗОВАТЕЛЬНОЕ УЧРЕЖДЕНИЕ № 136 | D89: 801 - включена | E89: 0273053450 | F89: 027301001 | G89: 1050203724680 | H89: 0373100000615 | I89: Министерство внутренних дел Российской Федерации | J89: 08 - казенное учреждение | L89: 40335 | M89: 40337 | N89: 188 | O89: 40256 | Q89: =VLOOKUP(E89:E5858,[1]Лист1!$D$1:$D$2725,1,0) -> #N/A
A90: 0801100000019 | B90: ФЕДЕРАЛЬНОЕ КАЗЕННОЕ ПРОФЕССИОНАЛЬНОЕ ОБРАЗОВАТЕЛЬНОЕ УЧРЕЖДЕНИЕ № 145 ФЕДЕРАЛЬНОЙ СЛУЖБЫ ИСПОЛНЕНИЯ НАКАЗАНИЙ | C90: ФКП ОБРАЗОВАТЕЛЬНОЕ УЧРЕЖДЕНИЕ № 145 | D90: 801 - включена | E90: 0273053474 | F90: 027301001 | G90: 1050203724724 | H90: 0373100000615 | I90: Министерство внутренних дел Российской Федерации | J90: 08 - казенное учреждение | Q90: =VLOOKUP(E90:E5859,[1]Лист1!$D$1:$D$2725,1,0) -> #N/A
A91: 0301100000475 | B91: Столовая федерального государственного бюджетного образовательного учреждения высшего профессионального образования "Башкирский государственный университет" | C91: Cтоловая БашГУ | D91: 801 - включена | E91: 0274011237 | F91: 027402001 | G91: 1030203895193 | H91: 0373100000615 | I91: Министерство внутренних дел Российской Федерации | J91: 08 - казенное учреждение | L91: 39802 | M91: 39972 | N91: 188 | O91: 40032 | Q91: =VLOOKUP(E91:E5860,[1]Лист1!$D$1:$D$2725,1,0) -> 0274011237
A92: 0301100000182 | B92: ФЕДЕРАЛЬНОЕ ГОСУДАРСТВЕННОЕ БЮДЖЕТНОЕ ОБРАЗОВАТЕЛЬНОЕ УЧРЕЖДЕНИЕ ВЫСШЕГО ПРОФЕССИОНАЛЬНОГО ОБРАЗОВАНИЯ "УФИМСКИЙ ГОСУДАРСТВЕННЫЙ АВИАЦИОННЫЙ ТЕХНИЧЕСКИЙ УНИВЕРСИТЕТ" | C92: ФГБОУ ВПО "УГАТУ", УГАТУ | D92: 801 - включена | E92: 0274023747 | F92: 027401001 | G92: 1030203899527 | H92: 0373100000615 | I92: Министерство внутренних дел Российской Федерации | J92: 08 - казенное учреждение | L92: 39897 | M92: 39972 | N92: 188 | O92: 39889 | Q92: =VLOOKUP(E92:E5861,[1]Лист1!$D$1:$D$2725,1,0) -> 0274023747
A93: 0801100000028 | B93: федеральное государственное казенное образовательное учреждение высшего профессионального образования "Уфимский юридический институт Министерства внутренних дел Российской Федерации" | C93: Уфимский юридический институт МВД России; ФГКОУ ВПО УЮИ МВД России; УЮИ МВД России | D93: 801 - включена | E93: 0274033424 | F93: 027401001 | G93: 1020202561004 | H93: 0373100000615 | I93: Министерство внутренних дел Российской Федерации | J93: 08 - казенное учреждение | L93: 40226 | M93: 40271 | N93: 188 | O93: 40054 | Q93: =VLOOKUP(E93:E5862,[1]Лист1!$D$1:$D$2725,1,0) -> #N/A
A94: 0395100009933 | B94: Столовая федерального государственного бюджетного образовательного учреждения высшего профессионального образования "Башкирский государственный педагогический университет им. М.Акмуллы" | C94: Столовая ФГБОУ ВПО "БГПУ им. М.Акмуллы" | D94: 801 - включена | E94: 0274035573 | F94: 027402003 | G94: 1020202554778 | H94: 0373100000615 | I94: Министерство внутренних дел Российской Федерации | J94: 08 - казенное учреждение | L94: 40335 | M94: 40337 | N94: 188 | O94: 40096 | Q94: =VLOOKUP(E94:E5863,[1]Лист1!$D$1:$D$2725,1,0) -> 0274035573
A95: 0301100000461 | B95: Столовая федерального государственного бюджетного образовательного учреждения высшего профессионального образования "Башкирский государственный педагогический университет им. М.Акмуллы" | C95: Столовая ФГБОУ ВПО "БГПУ им. М.Акмуллы" | D95: 801 - включена | E95: 0274035573 | F95: 027402003 | G95: 1020202554778 | H95: 0373100000615 | I95: Министерство внутренних дел Российской Федерации | J95: 08 - казенное учреждение | L95: 40298 | M95: 40337 | N95: 188 | O95: 39967 | Q95: =VLOOKUP(E95:E5864,[1]Лист1!$D$1:$D$2725,1,0) -> 0274035573
A96: 0301100000119 | B96: ФЕДЕРАЛЬНОЕ ГОСУДАРСТВЕННОЕ БЮДЖЕТНОЕ УЧРЕЖДЕНИЕ НАУКИ УФИМСКИЙ НАУЧНЫЙ ЦЕНТР РОССИЙСКОЙ АКАДЕМИИ НАУК | C96: УНЦ РАН | D96: 801 - включена | E96: 0274064870 | F96: 027601001 | G96: 1030204207582 | H96: 0373100000615 | I96: Министерство внутренних дел Российской Федерации | J96: 08 - казенное учреждение | L96: 40335 | M96: 40337 | N96: 188 | O96: 40204 | Q96: =VLOOKUP(E96:E5865,[1]Лист1!$D$1:$D$2725,1,0) -> #N/A
A97: 0301100000044 | B97: ФЕДЕРАЛЬНОЕ ГОСУДАРСТВЕННОЕ КАЗЕННОЕ УЧРЕЖДЕНИЕ "22 ОТРЯД ФЕДЕРАЛЬНОЙ ПРОТИВОПОЖАРНОЙ СЛУЖБЫ ПО РЕСПУБЛИКЕ БАШКОРТОСТАН" | C97: ФГКУ "22 ОТРЯД ФПС ПО РЕСПУБЛИКЕ БАШКОРТОСТАН" | D97: 801 - включена | E97: 0274098894 | F97: 027401001 | G97: 1040203909448 | H97: 0373100000615 | I97: Министерство внутренних дел Российской Федерации | J97: 08 - казенное учреждение | L97: 40374 | M97: 40375 | N97: 188 | O97: 40066 | Q97: =VLOOKUP(E97:E5866,[1]Лист1!$D$1:$D$2725,1,0) -> #N/A
A98: 0895100000095 | B98: ФЕДЕРАЛЬНОЕ КАЗЕННОЕ УЧРЕЖДЕНИЕ "ЦЕНТР ХОЗЯЙСТВЕННОГО И СЕРВИСНОГО ОБЕСПЕЧЕНИЯ МИНИСТЕРСТВА ВНУТРЕННИХ ДЕЛ ПО РЕСПУБЛИКЕ БАШКОРТОСТАН" | C98: ФКУ "ЦХИСО МВД ПО РЕСПУБЛИКЕ БАШКОРТОСТАН" | D98: 801 - включена | E98: 0274166390 | F98: 027401001 | G98: 1120280022411 | H98: 0373100000615 | I98: Министерство внутренних дел Российской Федерации | J98: 08 - казенное учреждение | L98: 40300 | M98: 40333 | N98: 188 | O98: 40047 | Q98: =VLOOKUP(E98:E5867,[1]Лист1!$D$1:$D$2725,1,0) -> #N/A
A99: 0301100000169 | B99: ФЕДЕРАЛЬНОЕ ГОСУДАРСТВЕННОЕ КАЗЕННОЕ УЧРЕЖДЕНИЕ "УПРАВЛЕНИЕ ВНЕВЕДОМСТВЕННОЙ ОХРАНЫ МИНИСТЕРСТВА ВНУТРЕННИХ ДЕЛ ПО РЕСПУБЛИКЕ БАШКОРТОСТАН" | C99: ФГКУ УВО МВД ПО РЕСПУБЛИКЕ БАШКОРТОСТАН | D99: 801 - включена | E99: 0274167900 | F99: 027401001 | G99: 1120280030221 | H99: 0373100000615 | I99: Министерство внутренних дел Российской Федерации | J99: 08 - казенное учреждение | L99: 39730 | M99: 40047 | N99: 188 | O99: 40276 | Q99: =VLOOKUP(E99:E5868,[1]Лист1!$D$1:$D$2725,1,0) -> #N/A
A100: 0801100000010 | B100: ФЕДЕРАЛЬНОЕ КАЗЕННОЕ УЧРЕЖДЕНИЕ ЗДРАВООХРАНЕНИЯ "МЕДИКО-САНИТАРНАЯ ЧАСТЬ МИНИСТЕРСТВА ВНУТРЕННИХ ДЕЛ РОССИЙСКОЙ ФЕДЕРАЦИИ ПО РЕСПУБЛИКЕ БАШКОРТОСТАН" | C100: ФКУЗ "МСЧ МВД РОССИИ ПО РЕСПУБЛИКЕ БАШКОРТОСТАН" | D100: 801 - включена | E100: 0275006624 | F100: 027501001 | G100: 1020202776109 | H100: 0373100000615 | I100: Министерство внутренних дел Российской Федерации | J100: 08 - казенное учреждение | L100: 40332 | M100: 40338 | N100: 188 | O100: 39861 | Q100: =VLOOKUP(E100:E5869,[1]Лист1!$D$1:$D$2725,1,0) -> #N/A
A101: 0801100000023 | B101: ФЕДЕРАЛЬНОЕ КАЗЕННОЕ УЧРЕЖДЕНИЕ "СЛЕДСТВЕННЫЙ ИЗОЛЯТОР №1 ГЛАВНОГО УПРАВЛЕНИЯ ФЕДЕРАЛЬНОЙ СЛУЖБЫ ИСПОЛНЕНИЯ НАКАЗАНИЙ ПО РЕСПУБЛИКЕ БАШКОРТОСТАН" | C101: ФКУ СИЗО-1 ГУФСИН РОССИИ ПО РЕСПУБЛИКЕ БАШКОРТОСТАН | D101: 801 - включена | E101: 0275006889 | F101: 027501001 | G101: 1020202772391 | H101: 0373100000615 | I101: Министерство внутренних дел Российской Федерации | J101: 08 - казенное учреждение | N101: 188 | O101: 40180 | Q101: =VLOOKUP(E101:E5870,[1]Лист1!$D$1:$D$2725,1,0) -> #N/A
A102: 0801100000027 | B102: федеральное казенное учреждение "Жилищно-коммунальное управление Главного управления Федеральной службы исполнения наказаний по Республике Башкортостан" | C102: ФКУ ЖКУ ГУФСИН России по Республике Башкортостан | D102: 801 - включена | E102: 0275008653 | F102: 027801001 | G102: 1030204113015 | H102: 0373100000615 | I102: Министерство внутренних дел Российской Федерации | J102: 08 - казенное учреждение | L102: 40337 | M102: 40341 | N102: 188 | O102: 40215 | Q102: =VLOOKUP(E102:E5871,[1]Лист1!$D$1:$D$2725,1,0) -> #N/A
A103: 0801100000015 | B103: ФЕДЕРАЛЬНОЕ КАЗЕННОЕ ЛЕЧЕБНО-ПРОФИЛАКТИЧЕСКОЕ УЧРЕЖДЕНИЕ "РЕСПУБЛИКАНСКАЯ БОЛЬНИЦА ГЛАВНОГО УПРАВЛЕНИЯ ФЕДЕРАЛЬНОЙ СЛУЖБЫ ИСПОЛНЕНИЯ НАКАЗАНИЙ ПО РЕСПУБЛИКЕ БАШКОРТОСТАН" | C103: ФКЛПУ РБ ГУФСИН РОССИИ ПО РЕСПУБЛИКЕ БАШКОРТОСТАН | D103: 801 - включена | E103: 0275010564 | F103: 027501001 | G103: 1020202771896 | H103: 0373100000615 | I103: Министерство внутренних дел Российской Федерации | J103: 08 - казенное учреждение | L103: 40146 | M103: 40338 | N103: 188 | O103: 39924 | Q103: =VLOOKUP(E103:E5872,[1]Лист1!$D$1:$D$2725,1,0) -> #N/A
...

Sheet Лист1
A1: 0301100000241 | B1: Федеральное государственное бюджетное учреждение "Государственный природный заповедник "Шульган-Таш" | C1: ФГБУ "Государственный заповедник "Шульган-таш" | D1: 801 - включена | E1: 0218000136 | F1: 021801001 | G1: 1030202047875 | H1: 0173100000135 | I1: Министерство обороны Российской Федерации | J1: 08 - казенное учреждение | L1: 39888 | M1: 40339 | Q1: 0218000136
A2: 0301100000475 | B2: Столовая федерального государственного бюджетного образовательного учреждения высшего профессионального образования "Башкирский государственный университет" | C2: Cтоловая БашГУ | D2: 801 - включена | E2: 0274011237 | F2: 027402001 | G2: 1030203895193 | H2: 0373100000615 | I2: Министерство внутренних дел Российской Федерации | J2: 08 - казенное учреждение | L2: 39802 | M2: 39972 | N2: 188 | O2: 40032 | Q2: 0274011237
A3: 0301100000182 | B3: ФЕДЕРАЛЬНОЕ ГОСУДАРСТВЕННОЕ БЮДЖЕТНОЕ ОБРАЗОВАТЕЛЬНОЕ УЧРЕЖДЕНИЕ ВЫСШЕГО ПРОФЕССИОНАЛЬНОГО ОБРАЗОВАНИЯ "УФИМСКИЙ ГОСУДАРСТВЕННЫЙ АВИАЦИОННЫЙ ТЕХНИЧЕСКИЙ УНИВЕРСИТЕТ" | C3: ФГБОУ ВПО "УГАТУ", УГАТУ | D3: 801 - включена | E3: 0274023747 | F3: 027401001 | G3: 1030203899527 | H3: 0373100000615 | I3: Министерство внутренних дел Российской Федерации | J3: 08 - казенное учреждение | L3: 39897 | M3: 39972 | N3: 188 | O3: 39889 | Q3: 0274023747
A4: 0395100009933 | B4: Столовая федерального государственного бюджетного образовательного учреждения высшего профессионального образования "Башкирский государственный педагогический университет им. М.Акмуллы" | C4: Столовая ФГБОУ ВПО "БГПУ им. М.Акмуллы" | D4: 801 - включена | E4: 0274035573 | F4: 027402003 | G4: 1020202554778 | H4: 0373100000615 | I4: Министерство внутренних дел Российской Федерации | J4: 08 - казенное учреждение | L4: 40335 | M4: 40337 | N4: 188 | O4: 40096 | Q4: 0274035573
A5: 0301100000461 | B5: Столовая федерального государственного бюджетного образовательного учреждения высшего профессионального образования "Башкирский государственный педагогический университет им. М.Акмуллы" | C5: Столовая ФГБОУ ВПО "БГПУ им. М.Акмуллы" | D5: 801 - включена | E5: 0274035573 | F5: 027402003 | G5: 1020202554778 | H5: 0373100000615 | I5: Министерство внутренних дел Российской Федерации | J5: 08 - казенное учреждение | L5: 40298 | M5: 40337 | N5: 188 | O5: 39967 | Q5: 0274035573
A6: 0301100000426 | B6: федеральное бюджетное учреждение Башкирская лаборатория судебной экспертизы Министерства юстиции Российской Федерации | C6: ФБУ Башкирская ЛСЭ Минюста России | D6: 801 - включена | E6: 0276013335 | F6: 027601001 | G6: 1020202853330 | H6: 0173100000062 | I6: Министерство внутренних дел Российской Федерации | J6: 08 - казенное учреждение | L6: 40335 | M6: 40337 | N6: 188 | O6: 39742 | Q6: 0276013335
A7: 0301100000271 | B7: Институт дополнительного профессионального образования | C7: ССП УГНТУ "ИДПО" | D7: 801 - включена | E7: 0277006179 | F7: 027732005 | G7: 2080277116060 | H7: 0373100000615 | I7: Министерство внутренних дел Российской Федерации | J7: 08 - казенное учреждение | L7: 40336 | M7: 40345 | N7: 188 | O7: 40288 | Q7: 0277006179
A8: 0301100000253 | B8: Самостоятельное структурное подразделение Уфимского государственного нефтяного технического университета хозрасчетная научно-исследовательская лаборатория "Трубопроводсервис" | C8: ССП УГНТУ ХНИЛ "Трубопроводсервис" | D8: 801 - включена | E8: 0277006179 | F8: 027745002 | G8: 1020203079016 | H8: 0373100000615 | I8: Министерство внутренних дел Российской Федерации | J8: 08 - казенное учреждение | L8: 39716 | M8: 39972 | Q8: 0277006179
A9: 0301100000252 | B9: Центр социального развития | C9: ССП УГНТУ "ЦСР" | D9: 801 - включена | E9: 0277006179 | F9: 027745001 | G9: 1020203079016 | H9: 0373100000615 | I9: Министерство внутренних дел Российской Федерации | J9: 08 - казенное учреждение | L9: 39983 | M9: 40338 | N9: 188 | O9: 40214 | Q9: 0277006179
A10: 0301100000251 | B10: Центр сервиса трубопроводных систем | C10: ССП УГНТУ "ЦСТС" | D10: 801 - включена | E10: 0277006179 | F10: 027732004 | G10: 1020203079016 | H10: 0373100000615 | I10: Министерство внутренних дел Российской Федерации | J10: 08 - казенное учреждение | L10: 40374 | M10: 40375 | N10: 188 | O10: 39810 | Q10: 0277006179
A11: 0301100000250 | B11: Хозрасчетная научно-исследовательская лаборатория "УПЦ КСК" | C11: ССП УГНТУ ХНИЛ "УПЦ КСК" | D11: 801 - включена | E11: 0277006179 | F11: 027745007 | G11: 1020203079016 | H11: 0373100000615 | I11: Министерство внутренних дел Российской Федерации | J11: 08 - казенное учреждение | L11: 40336 | M11: 40339 | N11: 188 | O11: 40351 | Q11: 0277006179
A12: 0301100000248 | B12: Хозрасчетная научно-исследовательская лаборатория "УГЦ Стройтехэкспертиза" | C12: ССП УГНТУ ХНИЛ "УГЦ Стройтехэкспертиза" | D12: 801 - включена | E12: 0277006179 | F12: 027745008 | G12: 1020203079016 | H12: 0373100000615 | I12: Министерство внутренних дел Российской Федерации | J12: 08 - казенное учреждение | L12: 39999 | M12: 40001 | N12: 188 | O12: 39984 | Q12: 0277006179
A13: 0301100000236 | B13: Хозрасчетная научно-исследовательская лаборатория "КК МАХП" | C13: ССП УГНТУ ХНИЛ "КК МАХП" | D13: 801 - включена | E13: 0277006179 | F13: 027745005 | G13: 1020203079016 | H13: 0173100000135 | I13: Министерство обороны Российской Федерации | J13: 08 - казенное учреждение | L13: 40335 | M13: 40337 | N13: 187 | O13: 39985 | Q13: 0277006179
A14: 0301100000235 | B14: Центр аудита и инжиниринга пожарно-промышленной безопасности | C14: ССП УГНТУ "ЦПБ" | D14: 801 - включена | E14: 0277006179 | F14: 027732006 | G14: 1020203079016 | H14: 0373100000615 | I14: Министерство внутренних дел Российской Федерации | J14: 08 - казенное учреждение | L14: 40297 | M14: 40337 | N14: 188 | O14: 40208 | Q14: 0277006179
A15: 0301100000234 | B15: Учебно-научно-производственный центр "Финэк" | C15: ССП УГНТУ УНПЦ "Финэк" | D15: 801 - включена | E15: 0277006179 | F15: 027732001 | G15: 1020203079016 | H15: 0373100000615 | I15: Министерство внутренних дел Российской Федерации | J15: 08 - казенное учреждение | L15: 39696 | M15: 39972 | N15: 188 | O15: 40232 | Q15: 0277006179
A16: 0301100000233 | B16: Хозрасчетная научно-исследовательская лаборатория " ИИС " | C16: ССП УГНТУ ХНИЛ "ИИС" | D16: 801 - включена | E16: 0277006179 | F16: 027745006 | G16: 1020203079016 | H16: 0373100000615 | I16: Министерство внутренних дел Российской Федерации | J16: 08 - казенное учреждение | L16: 40332 | M16: 40333 | N16: 188 | O16: 40284 | Q16: 0277006179
A17: 0301100000232 | B17: Хозрасчетная научно-исследовательская лаборатория "НИПИНефтегаз" | C17: ССП УГНТУ ХНИЛ "НИПИНефтегаз" | D17: 801 - включена | E17: 0277006179 | F17: 027745004 | G17: 1020203079016 | H17: 0173100000062 | I17: Министерство внутренних дел Российской Федерации | J17: 08 - казенное учреждение | L17: 40333 | M17: 40334 | N17: 188 | O17: 40264 | Q17: 0277006179
A18: 0301100000231 | B18: Хозрасчетная научно-исследовательская лаборатория "Транснефтегаз" | C18: ССП УГНТУ ХНИЛ "Транснефтегаз" | D18: 801 - включена | E18: 0277006179 | F18: 027745003 | G18: 1020203079016 | H18: 0373100000615 | I18: Министерство внутренних дел Российской Федерации | J18: 08 - казенное учреждение | L18: 40374 | M18: 40375 | N18: 188 | O18: 39765 | Q18: 0277006179
A19: 0301100000088 | B19: ФЕДЕРАЛЬНОЕ ГОСУДАРСТВЕННОЕ БЮДЖЕТНОЕ УЧРЕЖДЕНИЕ НАУКИ ИНСТИТУТ НЕФТЕХИМИИ И КАТАЛИЗА РОССИЙСКОЙ АКАДЕМИИ НАУК | C19: ИНК РАН | D19: 801 - включена | E19: 0277011683 | F19: 027701001 | G19: 1020203083944 | H19: 0373100000615 | I19: Министерство внутренних дел Российской Федерации | J19: 08 - казенное учреждение | L19: 39786 | M19: 39972 | N19: 188 | O19: 40036 | Q19: 0277011683
A20: 0302100000040 | B20: Федеральное государственное бюджетное учреждение "Байкальский государственный природный биосферный заповедник" | C20: ФГБУ "Байкальский государственный заповедник" | D20: 801 - включена | E20: 0309004681 | F20: 030901001 | G20: 1020300666891 | H20: 0373100000615 | I20: Министерство внутренних дел Российской Федерации | J20: 08 - казенное учреждение | L20: 40299 | M20: 40333 | N20: 188 | O20: 40018 | Q20: 0309004681
... A27: 0303100000083 | B27: федеральное государственное бюджетное учреждение "Дирекция строящихся сельскохозяйственных, мелиоративных и водохозяйственных объектов в Республике Дагестан" | C27: ФГБУ "Дагсельхозмелиоводстрой" | D27: 801 - включена | E27: 0541000230 | F27: 057201001 | G27: 1020502628915 | H27: 0173100000107 | I27: Федеральная служба исполнения наказаний | J27: 08 - казенное учреждение | L27: 39927 | M27: 40213 | N27: 320 | O27: 39924 | Q27: 0541000230
A28: 0303100000052 | B28: Федеральное государственное научное учреждение "Институт национальных проблем в образовании" Российской академии образования | C28: ФГНУ ИНПО РАО | D28: 801 - включена | E28: 0541025475 | F28: 057101001 | G28: 1020502629696 | H28: 0173100000107 | I28: Федеральная служба исполнения наказаний | J28: 08 - казенное учреждение | L28: 40365 | M28: 40367 | Q28: 0541025475
A29: 0303100000043 | B29: федеральное государственное бюджетное учреждение "Западно-Каспийское бассейновое управление по рыболовству и сохранению водных биологических ресурсов" | C29: ФГБУ "Запкаспрыбвод" | D29: 801 - включена | E29: 0560008210 | F29: 057301001 | G29: 1020502458030 | H29: 0173100000140 | I29: Министерство Российской Федерации по делам гражданской обороны, чрезвычайным ситуациям и ликвидации последствий стихийных бедствий | J29: 08 - казенное учреждение | L29: 39863 | M29: 40138 | N29: 177 | O29: 40281 | Q29: 0560008210
A30: 0303100000001 | B30: федеральное бюджетное учреждение Дагестанская лаборатория судебной экспертизы Министерства юстиции Российской Федерации | C30: ФБУ Дагестанская ЛСЭ Минюста России | D30: 801 - включена | E30: 0560015063 | F30: 057301001 | G30: 1020502458503 | H30: 0173100000088 | I30: Министерство энергетики Российской Федерации | J30: 08 - казенное учреждение | L30: 40336 | M30: 40339 | N30: 022 | O30: 39917 | Q30: 0560015063
A31: 0303100000008 | B31: ФЕДЕРАЛЬНОЕ ГОСУДАРСТВЕННОЕ БЮДЖЕТНОЕ ОБРАЗОВАТЕЛЬНОЕ УЧРЕЖДЕНИЕ ДОПОЛНИТЕЛЬНОГО ПРОФЕССИОНАЛЬНОГО ОБРАЗОВАНИЯ СПЕЦИАЛИСТОВ "ДАГЕСТАНСКИЙ ИНСТИТУТ ПОВЫШЕНИЯ КВАЛИФИКАЦИИ КАДРОВ АПК" | C31: ФГБОУ ДПОС ДИПКК АПК | D31: 801 - включена | E31: 0560019420 | F31: 057201001 | G31: 1020502460990 | H31: 0173100000107 | I31: Федеральная служба исполнения наказаний | J31: 08 - казенное учреждение | L31: 40336 | M31: 40339 | N31: 320 | O31: 40362 | Q31: 0560019420
A32: 0303100000114 | B32: Федеральное государственное бюджетное учреждение по водному хозяйству "Дагводресурсы" | C32: ФГУ "Дагводресурсы" | D32: 801 - включена | E32: 0560020546 | F32: 057001001 | G32: 1020502461308 | H32: 0173100000107 | I32: Федеральная служба исполнения наказаний | J32: 08 - казенное учреждение | L32: 39864 | M32: 40338 | N32: 320 | O32: 40048 | Q32: 0560020546
A33: 0395100004376 | B33: ФЕДЕРАЛЬНОЕ ГОСУДАРСТВЕННОЕ БЮДЖЕТНОЕ УЧРЕЖДЕНИЕ "МИНИСТЕРСТВО МЕЛИОРАЦИИ ЗЕМЕЛЬ И СЕЛЬСКОХОЗЯЙСТВЕННОГО ВОДОСНАБЖЕНИЯ РЕСПУБЛИКИ ДАГЕСТАН" | C33: ФГБУ "МИНМЕЛИОВОДХОЗ РД" | D33: 801 - включена | E33: 0560022374 | F33: 057301001 | G33: 1020502457821 | H33: 0173100000107 | I33: Федеральная служба исполнения наказаний | J33: 08 - казенное учреждение | L33: 40365 | M33: 40367 | N33: 320 | O33: 40053 | Q33: 0560022374
A34: 0303100000160 | B34: Федеральное бюджетное учреждение здравоохранения "Центр гигиены и эпидемиологии в Республике Дагестан" | C34: ФБУЗ "Центр гигиены и эпидемиологии в Республике Дагестан" | D34: 801 - включена | E34: 0560029186 | F34: 057001001 | G34: 1050560002041 | H34: 0173100000062 | I34: Министерство внутренних дел Российской Федерации | J34: 08 - казенное учреждение | L34: 39644 | M34: 39744 | N34: 188 | O34: 39487 | Q34: 0560029186
A35: 0303100000259 | B35: Государственное научное учреждение Дагестанский научно-исследовательский институт сельского хозяйства Российской академии сельскохозяйственных наук | C35: ГНУ Дагестанский НИИСХ Россельхозакадемии | D35: 801 - включена | E35: 0560205272 | F35: 057001001 | G35: 1020502457788 | H35: 0373100000615 | I35: Министерство внутренних дел Российской Федерации | J35: 08 - казенное учреждение | L35: 40215 | M35: 40271 | N35: 188 | O35: 39794 | Q35: 0560205272
A36: 0303100000137 | B36: федеральное государственное бюджетное образовательное учреждение высшего профессионального образования "Дагестанский государственный педагогический университет" | C36: ДГПУ | D36: 801 - включена | E36: 0561039211 | F36: 054101001 | G36: 1020502522435 | H36: 0173100000107 | I36: Федеральная служба исполнения наказаний | J36: 08 - казенное учреждение | L36: 40335 | M36: 40337 | N36: 320 | O36: 40260 | Q36: 0561039211
A37: 0303100000013 | B37: Федеральное государственное бюджетное учреждение "Государственный природный заповедник "Дагестанский" | C37: ФГБУ "Государственный заповедник "Дагестанский" | D37: 801 - включена | E37: 0561039349 | F37: 057101001 | G37: 1020502522281 | H37: 0173100000107 | I37: Федеральная служба исполнения наказаний | J37: 08 - казенное учреждение | L37: 40207 | M37: 40294 | N37: 320 | O37: 39969 | Q37: 0561039349
A38: 0303100000014 | B38: государственное бюджетное образовательное учреждение высшего профессионального образования "Дагестанская государственная медицинская академия" Министерства здравоохранения Российской Федерации | C38: ГБОУ ВПО ДГМА Минздрава России | D38: 801 - включена | E38: 0562010215 | F38: 054101001 | G38: 1020502631643 | H38: 0373100000615 | I38: Министерство внутренних дел Российской Федерации | J38: 08 - казенное учреждение | L38: 39864 | M38: 39972 | N38: 188 | O38: 40057 | Q38: 0562010215
A39: 0303100000130 | B39: федеральное государственное бюджетное образовательное учреждение высшего профессионального образования "Дагестанский государственный университет" | C39: ДГУ | D39: 801 - включена | E39: 0562039983 | F39: 054101001 | G39: 1020502631621 | H39: 0173100000107 | I39: Федеральная служба исполнения наказаний | J39: 08 - казенное учреждение | L39: 39865 | M39: 40058 | N39: 320 | O39: 40026 | Q39: 0562039983
A40: 0303100000025 | B40: Федеральное государственное бюджетное учреждение науки Институт физики им. Х.И. Амирханова Дагестанского научного центра Российской академии наук | C40: ИФ ДНЦ РАН | D40: 801 - включена | E40: 0562044084 | F40: 057201001 | G40: 1020502628695 | H40: 0173100000107 | I40: Федеральная служба исполнения наказаний | J40: 08 - казенное учреждение | L40: 40335 | M40: 40337 | N40: 320 | O40: 40024 | Q40: 0562044084
A41: 0303100000066 | B41: ФЕДЕРАЛЬНОЕ ГОСУДАРСТВЕННОЕ БЮДЖЕТНОЕ УЧРЕЖДЕНИЕ ПО ВОДНОМУ ХОЗЯЙСТВУ "ЗАПКАСПВОДХОЗ" | C41: ФГУ "ЗАПКАСПВОДХОЗ" | D41: 801 - включена | E41: 0562048970 | F41: 057201001 | G41: 1020502623481 | H41: 0373100000615 | I41: Министерство внутренних дел Российской Федерации | J41: 08 - казенное учреждение | L41: 39968 | M41: 40165 | N41: 188 | O41: 39970 | Q41: 0562048970
A42: 0303100000282 | B42: ФЕДЕРАЛЬНОЕ ГОСУДАРСТВЕННОЕ БЮДЖЕТНОЕ УЧРЕЖДЕНИЕ "РЕПРОДУКЦИОННЫЙ КОМПЛЕКС ОСЕТРОВОДСТВА" | C42: ФГБУ "РКО" | D42: 801 - включена | E42: 0573002939 | F42: 057301001 | G42: 1130573000821 | H42: 0173100000107 | I42: Федеральная служба исполнения наказаний | J42: 08 - казенное учреждение | N42: 320 | O42: 39617 | Q42: 0573002939
A43: 0314100000039 | B43: федеральное государственное бюджетное образовательное учреждение высшего профессионального образования "Ингушский государственный университет" | C43: ФГБОУ ВПО "ИнгГУ", ИнгГУ | D43: 801 - включена | E43: 0603005224 | F43: 060301001 | G43: 1020600811373 | H43: 0173100000107 | I43: Федеральная служба исполнения наказаний | J43: 08 - казенное учреждение | L43: 40228 | M43: 40271 | N43: 320 | O43: 39967 | Q43: 0603005224
A44: 0314100000075 | B44: ФЕДЕРАЛЬНОЕ ГОСУДАРСТВЕННОЕ БЮДЖЕТНОЕ УЧРЕЖДЕНИЕ "УПРАВЛЕНИЕ МЕЛИОРАЦИИ ЗЕМЕЛЬ И СЕЛЬСКОХОЗЯЙСТВЕННОГО ВОДОСНАБЖЕНИЯ ПО РЕСПУБЛИКЕ ИНГУШЕТИЯ" | C44: ФГБУ "УПРАВЛЕНИЕ "ИНГУШМЕЛИОВОДХОЗ" | D44: 801 - включена | E44: 0603018054 | F44: 060601001 | G44: 1020600812044 | H44: 0173100000135 | I44: Министерство обороны Российской Федерации | J44: 08 - казенное учреждение | L44: 39780 | M44: 39972 | N44: 187 | O44: 39556 | Q44: 0603018054
A45: 0314100000073 | B45: ФЕДЕРАЛЬНОЕ ГОСУДАРСТВЕННОЕ БЮДЖЕТНОЕ УЧРЕЖДЕНИЕ "ГОСУДАРСТВЕННЫЙ ПРИРОДНЫЙ ЗАПОВЕДНИК "ЭРЗИ" | C45: ФГБУ "ГОСУДАРСТВЕННЫЙ ЗАПОВЕДНИК "ЭРЗИ" | D45: 801 - включена | E45: 0606006219 | F45: 060601001 | G45: 1020600986878 | H45: 0373100000615 | I45: Министерство внутренних дел Российской Федерации | J45: 08 - казенное учреждение | L45: 40365 | M45: 40374 | Q45: 0606006219
A46: 0304100000060 | B46: федеральное государственное учреждение "Пансионат " Эдельвейс" Управления делами Президента Российской Федерации | C46: ФГУ "Пансионат "Эдельвейс" | D46: 801 - включена | E46: 0710002588 | F46: 071001001 | G46: 1020700712680 | H46: 0173100000135 | I46: Министерство обороны Российской Федерации | J46: 08 - казенное учреждение | Q46: 0710002588
A47: 0304100000159 | B47: ФЕДЕРАЛЬНОЕ ГОСУДАРСТВЕННОЕ БЮДЖЕТНОЕ УЧРЕЖДЕНИЕ "НАЦИОНАЛЬНЫЙ ПАРК"ПРИЭЛЬБРУСЬЕ" | C47: ФГБУ "НАЦИОНАЛЬНЫЙ ПАРК" ПРИЭЛЬБРУСЬЕ" | D47: 801 - включена | E47: 0710002732 | F47: 071001001 | G47: 1030700500687 | H47: 0173100000135 | I47: Министерство обороны Российской Федерации | J47: 08 - казенное учреждение | L47: 40177 | M47: 40276 | Q47: 0710002732
A48: 0304100000146 | B48: федеральное государственное бюджетное образовательное учреждение высшего профессионального образования "Северо-Кавказский государственный институт искусств" | C48: Северо-Кавказский государственный институт искусств | D48: 801 - включена | E48: 0711001114 | F48: 072501001 | G48: 1020700738211 | H48: 0173100000135 | I48: Министерство обороны Российской Федерации | J48: 08 - казенное учреждение | L48: 40176 | M48: 40283 | Q48: 0711001114
A49: 0304100000165 | B49: федеральное государственное бюджетное учреждение "Нальчикское государственное опытное охотничье хозяйство" | C49: фгбу "Нальчикское ГООХ" | D49: 801 - включена | E49: 0711005856 | F49: 072501001 | G49: 1020700760112 | H49: 0173100000135 | I49: Министерство обороны Российской Федерации | J49: 08 - казенное учреждение | L49: 39650 | M49: 40292 | Q49: 0711005856
A50: 0304100000157 | B50: ФЕДЕРАЛЬНОЕ ГОСУДАРСТВЕННОЕ БЮДЖЕТНОЕ УЧРЕЖДЕНИЕ "ВЫСОКОГОРНЫЙ ГЕОФИЗИЧЕСКИЙ ИНСТИТУТ" | C50: ФГБУ "ВГИ" | D50: 801 - включена | E50: 0711017410 | F50: 072501001 | G50: 1020700755426 | H50: 0173100000118 | I50: Федеральное архивное агентство | J50: 08 - казенное учреждение | L50: 40365 | M50: 40367 | Q50: 0711017410
A51: 0304100000035 | B51: ФЕДЕРАЛЬНОЕ ГОСУДАРСТВЕННОЕ БЮДЖЕТНОЕ УЧРЕЖДЕНИЕ НАУКИ ИНСТИТУТ ИНФОРМАТИКИ И ПРОБЛЕМ РЕГИОНАЛЬНОГО УПРАВЛЕНИЯ КАБАРДИНО-БАЛКАРСКОГО НАУЧНОГО ЦЕНТРА РОССИЙСКОЙ АКАДЕМИИ НАУК | C51: ИИПРУ КБНЦ РАН | D51: 801 - включена | E51: 0711022562 | F51: 072501001 | G51: 1030700201531 | H51: 0373100000723 | I51: Российская академия художеств | J51: 03 - бюджетное учреждение | K51: 05 - организации предоставляются субсидии | L51: 39900 | M51: 39971 | Q51: 0711022562
A52: 0304100000122 | B52: ФЕДЕРАЛЬНОЕ ГОСУДАРСТВЕННОЕ БЮДЖЕТНОЕ УЧРЕЖДЕНИЕ НАУКИ КАБАРДИНО-БАЛКАРСКИЙ НАУЧНЫЙ ЦЕНТР РОССИЙСКОЙ АКАДЕМИИ НАУК | C52: КБНЦ РАН | D52: 801 - включена | E52: 0711026447 | F52: 072501001 | G52: 1020700760453 | H52: 0173100000106 | I52: Министерство культуры Российской Федерации | J52: 03 - бюджетное учреждение | K52: 05 - организации предоставляются субсидии | L52: 39931 | M52: 39971 | Q52: 0711026447
A53: 0304100000141 | B53: ФЕДЕРАЛЬНОЕ ГОСУДАРСТВЕННОЕ БЮДЖЕТНОЕ ОБРАЗОВАТЕЛЬНОЕ УЧРЕЖДЕНИЕ ВЫСШЕГО ПРОФЕССИОНАЛЬНОГО ОБРАЗОВАНИЯ "КАБАРДИНО-БАЛКАРСКИЙ ГОСУДАРСТВЕННЫЙ АГРАРНЫЙ УНИВЕРСИТЕТ ИМЕНИ В.М.КОКОВА" | C53: ФГБОУ ВПО КБГАУ ИМ. В.М.КОКОВА | D53: 801 - включена | E53: 0711029536 | F53: 072501001 | G53: 1020700756174 | J53: 08 - казенное учреждение | L53: 39814 | M53: 39950 | Q53: 0711029536
A54: 0304100000032 | B54: ФЕДЕРАЛЬНОЕ ГОСУДАРСТВЕННОЕ БЮДЖЕТНОЕ УЧРЕЖДЕНИЕ "СЕВЕРО-КАВКАЗСКАЯ ВОЕНИЗИРОВАННАЯ СЛУЖБА ПО АКТИВНОМУ ВОЗДЕЙСТВИЮ НА МЕТЕОРОЛОГИЧЕСКИЕ И ДРУГИЕ ГЕОФИЗИЧЕСКИЕ ПРОЦЕССЫ" | C54: ФГБУ "СЕВЕРО-КАВКАЗСКАЯ ВС" | D54: 801 - включена | E54: 0711035498 | F54: 072601001 | G54: 1020700748001 | H54: 0173100000140 | I54: Министерство Российской Федерации по делам гражданской обороны, чрезвычайным ситуациям и ликвидации последствий стихийных бедствий | J54: 08 - казенное учреждение | L54: 39946 | M54: 39972 | N54: 177 | O54: 39591 | Q54: 0711035498
A55: 0304100000136 | B55: Федеральное государственное бюджетное образовательное учреждение высшего профессионального образования "Кабардино-Балкарский государственный университет им. Х.М. Бербекова" | C55: КБГУ | D55: 801 - включена | E55: 0711037537 | F55: 072501001 | G55: 1020700739234 | H55: 0173100000140 | I55: Министерство Российской Федерации по делам гражданской обороны, чрезвычайным ситуациям и ликвидации последствий стихийных бедствий | J55: 08 - казенное учреждение | N55: 177 | O55: 40051 | Q55: 0711037537
A56: 0304100000158 | B56: Федеральное государственное бюджетное учреждение "Центр изучения, использования и охраны водных ресурсов Кабардино-Балкарской Республики" | C56: ФГУ "Каббалкводресурсы" | D56: 801 - включена | E56: 0713000878 | F56: 072501001 | G56: 1020700740598 | H56: 0173100000070 | I56: Федеральная служба охраны Российской Федерации | J56: 08 - казенное учреждение | L56: 39896 | M56: 40194 | N56: 202 | O56: 39981 | Q56: 0713000878
A57: 0304100000138 | B57: ФЕДЕРАЛЬНОЕ БЮДЖЕТНОЕ УЧРЕЖДЕНИЕ ЗДРАВООХРАНЕНИЯ "ЦЕНТР ГИГИЕНЫ И ЭПИДЕМИОЛОГИИ В КАБАРДИНО-БАЛКАРСКОЙ РЕСПУБЛИКЕ" | C57: ФБУЗ "ЦЕНТР ГИГИЕНЫ И ЭПИДЕМИОЛОГИИ В КАБАРДИНО-БАЛКАРСКОЙ РЕСПУБЛИКЕ" | D57: 801 - включена | E57: 0721010037 | F57: 072501001 | G57: 1050700202300 | J57: 08 - казенное учреждение | L57: 39787 | M57: 39792 | Q57: 0721010037
A58: 0305100000032 | B58: федеральное государственное бюджетное образовательное учреждение высшего профессионального образования "Калмыцкий государственный университет" | C58: ФГБОУ ВПО "КалмГУ", ФГБОУ ВПО "Калмыцкий государственный университет" | D58: 801 - включена | E58: 0814000257 | F58: 081601001 | G58: 1020800756844 | H58: 0173100000138 | I58: Федеральная таможенная служба | J58: 08 - казенное учреждение | L58: 40339 | M58: 40345 | N58: 153 | O58: 40032 | Q58: 0814000257
A59: 0395100003134 | B59: федеральное государственное бюджетное учреждение "Управление мелиорации земель и сельскохозяйственного водоснабжения по Республике Калмыкия" | C59: ФГБУ "Управление "Калммелиоводхоз" | D59: 801 - включена | E59: 0814041687 | F59: 081601001 | G59: 1030800745744 | H59: 0373100000615 | I59: Министерство внутренних дел Российской Федерации | J59: 08 - казенное учреждение | L59: 40365 | M59: 40367 | N59: 188 | O59: 40261 | Q59: 0814041687
A60: 0379100000014 | B60: ФЕДЕРАЛЬНОЕ ГОСУДАРСТВЕННОЕ БЮДЖЕТНОЕ ОБРАЗОВАТЕЛЬНОЕ УЧРЕЖДЕНИЕ ВЫСШЕГО ПРОФЕССИОНАЛЬНОГО ОБРАЗОВАНИЯ "СЕВЕРО-КАВКАЗСКАЯ ГОСУДАРСТВЕННАЯ ГУМАНИТАРНО-ТЕХНОЛОГИЧЕСКАЯ АКАДЕМИЯ" | C60: СЕВКАВГГТА | D60: 801 - включена | E60: 0901006061 | F60: 090101001 | G60: 1030900711335 | H60: 0173100000123 | I60: Федеральное дорожное агентство | J60: 08 - казенное учреждение | L60: 40365 | M60: 40368 | N60: 108 | O60: 39722 | Q60: 0901006061
A61: 0379100000003 | B61: Федеральное государственное бюджетное учреждение "Тебердинский государственный природный биосферный заповедник" | C61: ФГБУ "Тебердинский заповедник" | D61: 801 - включена | E61: 0902007124 | F61: 090201001 | G61: 1020900775411 | H61: 0173100000053 | I61: Министерство финансов Российской Федерации | J61: 08 - казенное учреждение | L61: 40268 | M61: 40292 | N61: 092 | O61: 40361 | Q61: 0902007124
A62: 0379100000026 | B62: федеральное государственное бюджетное образовательное учреждение высшего профессионального образования "Карачаево-Черкесский государственный университет имени У.Д.Алиева" | C62: КЧГУ | D62: 801 - включена | E62: 0902007156 | F62: 090201001 | G62: 1020900775026 | H62: 0173100000080 | I62: Генеральная прокуратура Российской Федерации | J62: 08 - казенное учреждение | L62: 39639 | M62: 40332 | Q62: 0902007156
A63: 0379100000028 | B63: ФЕДЕРАЛЬНОЕ ГОСУДАРСТВЕННОЕ БЮДЖЕТНОЕ УЧРЕЖДЕНИЕ "КАРАЧАЕВО-ЧЕРКЕССКОЕ ГОСУДАРСТВЕННОЕ ОПЫТНОЕ ОХОТНИЧЬЕ ХОЗЯЙСТВО" | C63: ФГБУ "КАРАЧАЕВО-ЧЕРКЕССКОЕ ГООХ" | D63: 801 - включена | E63: 0904006550 | F63: 090401001 | G63: 1030901116124 | H63: 0373100000615 | I63: Министерство внутренних дел Российской Федерации | J63: 08 - казенное учреждение | L63: 40335 | M63: 40338 | N63: 188 | O63: 40260 | Q63: 0904006550
A64: 0379100000011 | B64: ФЕДЕРАЛЬНОЕ БЮДЖЕТНОЕ УЧРЕЖДЕНИЕ ЗДРАВООХРАНЕНИЯ "ЦЕНТР ГИГИЕНЫ И ЭПИДЕМИОЛОГИИ В КАРАЧАЕВО-ЧЕРКЕССКОЙ РЕСПУБЛИКЕ" | C64: ФБУЗ "ЦЕНТР ГИГИЕНЫ И ЭПИДЕМИОЛОГИИ В КАРАЧАЕВО-ЧЕРКЕССКОЙ РЕСПУБЛИКЕ" | D64: 801 - включена | E64: 0917000428 | F64: 091701001 | G64: 1050900920982 | H64: 0173100000123 | I64: Федеральное дорожное агентство | J64: 08 - казенное учреждение | L64: 40365 | M64: 40367 | N64: 108 | O64: 39871 | Q64: 0917000428
A65: 0306100000112 | B65: Северный научно-исследовательский институт рыбного хозяйства Петрозаводского государственного университета | C65: СевНИИРХ Петр ГУ | D65: 801 - включена | E65: 1001040287 | F65: 100145003 | G65: 1021000519935 | H65: 0373100000615 | I65: Министерство внутренних дел Российской Федерации | J65: 08 - казенное учреждение | L65: 40373 | M65: 40374 | N65: 188 | O65: 39918 | Q65: 1001040287
A66: 0306100000107 | B66: Комбинат питания Петрозаводского государственного университета | C66: Комбинат питания ПетрГУ | D66: 801 - включена | E66: 1001040287 | F66: 100145002 | G66: 1021000519935 | H66: 0173100000098 | I66: Федеральное агентство воздушного транспорта | J66: 08 - казенное учреждение | L66: 39758 | M66: 40215 | N66: 107 | O66: 40310 | Q66: 1001040287
A67: 0395100012685 | B67: ФЕДЕРАЛЬНОЕ ГОСУДАРСТВЕННОЕ БЮДЖЕТНОЕ УЧРЕЖДЕНИЕ "УПРАВЛЕНИЕ МЕЛИОРАЦИИ ЗЕМЕЛЬ И СЕЛЬСКОХОЗЯЙСТВЕННОГО ВОДОСНАБЖЕНИЯ ПО РЕСПУБЛИКЕ КОМИ" | C67: ФГБУ "УПРАВЛЕНИЕ "КОМИМЕЛИОВОДХОЗ" | D67: 801 - включена | E67: 1101461338 | F67: 110101001 | G67: 1021100516095 | H67: 0173100000107 | I67: Федеральная служба исполнения наказаний | J67: 08 - казенное учреждение | L67: 40336 | M67: 40339 | N67: 320 | O67: 40334 | Q67: 1101461338
A68: 0307100000140 | B68: федеральное государственное бюджетное учреждение "Управление мелиорации земель и сельскохозяйственного водоснабжения по Республике Коми" | C68: ФГБУ "Управление "Комимелиоводхоз" | D68: 801 - включена | E68: 1101461338 | F68: 110101001 | G68: 1021100516095 | H68: 0195100000137 | I68: МИНИСТЕРСТВО ТРУДА И СОЦИАЛЬНОЙ ЗАЩИТЫ РОССИЙСКОЙ ФЕДЕРАЦИИ | J68: 08 - казенное учреждение | L68: 40301 | M68: 40328 | N68: 149 | O68: 40115 | Q68: 1101461338
A69: 0807100000038 | B69: ФЕДЕРАЛЬНОЕ ГОСУДАРСТВЕННОЕ БЮДЖЕТНОЕ УЧРЕЖДЕНИЕ НАУКИ ИНСТИТУТ БИОЛОГИИ КОМИ НАУЧНОГО ЦЕНТРА УРАЛЬСКОГО ОТДЕЛЕНИЯ РОССИЙСКОЙ АКАДЕМИИ НАУК | C69: ИБ КОМИ НЦ УРО РАН | D69: 801 - включена | E69: 1101483444 | F69: 110101001 | G69: 1021100511739 | H69: 0173100000107 | I69: Федеральная служба исполнения наказаний | J69: 08 - казенное учреждение | L69: 39864 | M69: 39971 | N69: 320 | O69: 40330 | Q69: 1101483444
A70: 0308100000025 | B70: ФЕДЕРАЛЬНОЕ ГОСУДАРСТВЕННОЕ БЮДЖЕТНОЕ ОБРАЗОВАТЕЛЬНОЕ УЧРЕЖДЕНИЕ ВЫСШЕГО ПРОФЕССИОНАЛЬНОГО ОБРАЗОВАНИЯ "МАРИЙСКИЙ ГОСУДАРСТВЕННЫЙ УНИВЕРСИТЕТ" | C70: ФГБОУ ВПО "МАРИЙСКИЙ ГОСУДАРСТВЕННЫЙ УНИВЕРСИТЕТ", МАРИЙСКИЙ ГОСУДАРСТВЕННЫЙ УНИВЕРСИТЕТ, МАРГУ | D70: 801 - включена | E70: 1215026836 | F70: 121501001 | G70: 1021200783856 | H70: 0173100000107 | I70: Федеральная служба исполнения наказаний | J70: 08 - казенное учреждение | N70: 320 | O70: 39539 | Q70: 1215026836
A71: 0309100000031 | B71: ФЕДЕРАЛЬНОЕ ГОСУДАРСТВЕННОЕ БЮДЖЕТНОЕ УЧРЕЖДЕНИЕ "МОРДОВСКИЙ ГОСУДАРСТВЕННЫЙ ПРИРОДНЫЙ ЗАПОВЕДНИК ИМЕНИ П.Г. СМИДОВИЧА" | C71: ФГБУ "МОРДОВСКИЙ ГОСУДАРСТВЕННЫЙ ЗАПОВЕДНИК" | D71: 801 - включена | E71: 1319108628 | F71: 131901001 | G71: 1021300835676 | H71: 0173100000107 | I71: Федеральная служба исполнения наказаний | J71: 08 - казенное учреждение | L71: 40300 | M71: 40338 | N71: 320 | O71: 40081 | Q71: 1319108628
A72: 0309100000058 | B72: Издательство федерального государственного бюджетного образовательного учреждения высшего профессионального образования "Мордовский государственный университет им. Н.П. Огарёва" | C72: Издательство Мордовского университета (ИМУ) | D72: 801 - включена | E72: 1326043499 | F72: 132602005 | G72: 1021300973275 | H72: 0173100000107 | I72: Федеральная служба исполнения наказаний | J72: 08 - казенное учреждение | N72: 320 | O72: 40325 | Q72: 1326043499
A73: 0309100000027 | B73: ФЕДЕРАЛЬНОЕ ГОСУДАРСТВЕННОЕ БЮДЖЕТНОЕ УЧРЕЖДЕНИЕ "УПРАВЛЕНИЕ МЕЛИОРАЦИИ ЗЕМЕЛЬ И СЕЛЬСКОХОЗЯЙСТВЕННОГО ВОДОСНАБЖЕНИЯ ПО РЕСПУБЛИКЕ МОРДОВИЯ" | C73: ФГБУ "УПРАВЛЕНИЕ "МОРДОВМЕЛИОВОДХОЗ" | D73: 801 - включена | E73: 1326140510 | F73: 132601001 | G73: 1021300981877 | H73: 0173100000140 | I73: Министерство Российской Федерации по делам гражданской обороны, чрезвычайным ситуациям и ликвидации последствий стихийных бедствий | J73: 08 - казенное учреждение | L73: 39986 | M73: 40248 | N73: 177 | O73: 40344 | Q73: 1326140510
A74: 0316100000056 | B74: ФЕДЕРАЛЬНОЕ ГОСУДАРСТВЕННОЕ БЮДЖЕТНОЕ УЧРЕЖДЕНИЕ "ГОСУДАРСТВЕННЫЙ ПРИРОДНЫЙ ЗАПОВЕДНИК "УСТЬ-ЛЕНСКИЙ" | C74: ФГБУ "ГОСУДАРСТВЕННЫЙ ЗАПОВЕДНИК "УСТЬ-ЛЕНСКИЙ" | D74: 801 - включена | E74: 1406000532 | F74: 140601001 | G74: 1021400578902 | H74: 0173100000107 | I74: Федеральная служба исполнения наказаний | J74: 08 - казенное учреждение | L74: 40046 | M74: 40220 | N74: 320 | O74: 40228 | Q74: 1406000532
A75: 0316100000061 | B75: ФЕДЕРАЛЬНОЕ ГОСУДАРСТВЕННОЕ БЮДЖЕТНОЕ УЧРЕЖДЕНИЕ "ГОСУДАРСТВЕННЫЙ ПРИРОДНЫЙ ЗАПОВЕДНИК "ОЛЕКМИНСКИЙ" | C75: ФГБУ "ГОСУДАРСТВЕННЫЙ ЗАПОВЕДНИК "ОЛЕКМИНСКИЙ" | D75: 801 - включена | E75: 1421002245 | F75: 142101001 | G75: 1021400807053 | H75: 0173100000107 | I75: Федеральная служба исполнения наказаний | J75: 08 - казенное учреждение | L75: 40299 | M75: 40330 | N75: 320 | O75: 39921 | Q75: 1421002245
A76: 0347100000070 | B76: Северо-Восточная научно-исследовательская мерзлотная станция Федерального государственного бюджетного учреждения науки Института мерзлотоведения им. П.И. Мельникова Сибирского отделения Российской академии наук | C76: СВНИМС ИМЗ СО РАН | D76: 801 - включена | E76: 1435017643 | F76: 490902001 | G76: 1021401046336 | H76: 0373100000615 | I76: Министерство внутренних дел Российской Федерации | J76: 08 - казенное учреждение | L76: 40371 | M76: 40373 | N76: 188 | O76: 39961 | Q76: 1435017643
A77: 0316100000017 | B77: Вилюйская научно-исследовательская мерзлотная станция Учреждения Российской академии наук Института мерзлотоведения им. П.И. Мельникова Сибирского отделения РАН | C77: ВНИМС ИМЗ СО РАН | D77: 801 - включена | E77: 1435017643 | F77: 143302001 | G77: 1021401044633 | H77: 0373100000615 | I77: Министерство внутренних дел Российской Федерации | J77: 08 - казенное учреждение | L77: 40371 | M77: 40373 | N77: 188 | O77: 39962 | Q77: 1435017643
A78: 0816100000016 | B78: Федеральное государственное учреждение "Ленское государственное бассейновое управление водных путей и судоходства" | C78: ФГУ Ленское ГБУВПиС | D78: 801 - включена | E78: 1435033691 | F78: 143501001 | G78: 1021401057655 | H78: 0173100000056 | I78: Министерство юстиции Российской Федерации | J78: 08 - казенное учреждение | L78: 39863 | M78: 40248 | Q78: 1435033691
A79: 0316100000192 | B79: федеральное государственное бюджетное образовательное учреждение высшего профессионального образования "Арктический государственный институт искусств и культуры" | C79: Арктический государственный институт искусств и культуры | D79: 801 - включена | E79: 1435115880 | F79: 143501001 | G79: 1021401049647 | H79: 0173100000107 | I79: Федеральная служба исполнения наказаний | J79: 08 - казенное учреждение | L79: 40340 | M79: 40346 | N79: 320 | O79: 40129 | Q79: 1435115880
A80: 0316100000171 | B80: ФЕДЕРАЛЬНОЕ БЮДЖЕТНОЕ УЧРЕЖДЕНИЕ ЗДРАВООХРАНЕНИЯ "ЦЕНТР ГИГИЕНЫ И ЭПИДЕМИОЛОГИИ В РЕСПУБЛИКЕ САХА (ЯКУТИЯ)" | C80: ФБУЗ "ЦЕНТР ГИГИЕНЫ И ЭПИДЕМИОЛОГИИ В РЕСПУБЛИКЕ САХА (ЯКУТИЯ)" | D80: 801 - включена | E80: 1435157979 | F80: 143501001 | G80: 1051402060687 | H80: 0173100000107 | I80: Федеральная служба исполнения наказаний | J80: 08 - казенное учреждение | L80: 39922 | M80: 39971 | N80: 320 | O80: 39931 | Q80: 1435157979
A81: 0310100000098 | B81: ФЕДЕРАЛЬНОЕ ГОСУДАРСТВЕННОЕ БЮДЖЕТНОЕ УЧРЕЖДЕНИЕ "НАЦИОНАЛЬНЫЙ ПАРК "АЛАНИЯ" | C81: ФГБУ "НАЦИОНАЛЬНЫЙ ПАРК "АЛАНИЯ" | D81: 801 - включена | E81: 1508003081 | F81: 150801001 | G81: 1021500892830 | H81: 0173100000107 | I81: Федеральная служба исполнения наказаний | J81: 08 - казенное учреждение | L81: 40365 | M81: 40367 | N81: 320 | O81: 40054 | Q81: 1508003081
A82: 0310100000117 | B82: Федеральное государственное бюджетное учреждение "Северо-Кавказский многопрофильный медицинский центр" Министерства здравоохранения Российской Федерации (г. Беслан) | C82: ФГБУ "СК ММЦ" Минздрава России (г. Беслан) | D82: 801 - включена | E82: 1511017599 | F82: 151101001 | G82: 1081511000581 | H82: 0173100000140 | I82: Министерство Российской Федерации по делам гражданской обороны, чрезвычайным ситуациям и ликвидации последствий стихийных бедствий | J82: 08 - казенное учреждение | L82: 40005 | M82: 40058 | N82: 177 | O82: 40060 | Q82: 1511017599
A83: 0311100000095 | B83: федеральное государственное бюджетное образовательное учреждение высшего профессионального образования "Набережночелнинский институт социально-педагогических технологий и ресурсов" | C83: ФГБОУ ВПО "НИСПТР" | D83: 801 - включена | E83: 1650017589 | F83: 165001001 | G83: 1031616001603 | H83: 0173100000107 | I83: Федеральная служба исполнения наказаний | J83: 08 - казенное учреждение | L83: 40336 | M83: 40339 | N83: 320 | O83: 39871 | Q83: 1650017589
A84: 0311100000125 | B84: ФЕДЕРАЛЬНОЕ ГОСУДАРСТВЕННОЕ БЮДЖЕТНОЕ ОБРАЗОВАТЕЛЬНОЕ УЧРЕЖДЕНИЕ ВЫСШЕГО ПРОФЕССИОНАЛЬНОГО ОБРАЗОВАНИЯ "ПОВОЛЖСКАЯ ГОСУДАРСТВЕННАЯ АКАДЕМИЯ ФИЗИЧЕСКОЙ КУЛЬТУРЫ, СПОРТА И ТУРИЗМА" | C84: ФГБОУ ВПО "ПОВОЛЖСКАЯ ГАФКСИТ" | D84: 801 - включена | E84: 1650050120 | F84: 165901001 | G84: 1021602012190 | H84: 0173100000107 | I84: Федеральная служба исполнения наказаний | J84: 08 - казенное учреждение | L84: 40336 | M84: 40339 | N84: 320 | O84: 39553 | Q84: 1650050120
A85: 0395100014020 | B85: Комбинат питания | C85: Комбинат питания | D85: 801 - включена | E85: 1654003114 | F85: 165531001 | G85: 1021602835275 | H85: 0173100000107 | I85: Федеральная служба исполнения наказаний | J85: 08 - казенное учреждение | L85: 40332 | M85: 40337 | N85: 320 | O85: 40360 | Q85: 1654003114
A86: 0395100009204 | B86: Культурно спортивный комплекс "КАИ ОЛИМП" | C86: Культурно спортивный комплекс "КАИ ОЛИМП" | D86: 801 - включена | E86: 1654003114 | F86: 165745001 | G86: 1021602835275 | H86: 0173100000107 | I86: Федеральная служба исполнения наказаний | J86: 08 - казенное учреждение | L86: 40146 | M86: 40338 | N86: 320 | O86: 40047 | Q86: 1654003114
A87: 0395100002743 | B87: Институт авиационной техники и технологий | C87: Институт авиационной техники и технологий | D87: 801 - включена | E87: 1654003114 | F87: 165532001 | G87: 1021602835275 | H87: 0173100000107 | I87: Федеральная служба исполнения наказаний | J87: 08 - казенное учреждение | L87: 39761 | M87: 40338 | N87: 320 | O87: 40056 | Q87: 1654003114
A88: 0311100000354 | B88: Научно-исследовательский институт "Энергетические системы и силовые установки" | C88: Научно-исследовательский институт "Энергетические системы и силовые установки" | D88: 801 - включена | E88: 1654003114 | F88: 165845001 | G88: 1021602835275 | H88: 0173100000107 | I88: Федеральная служба исполнения наказаний | J88: 08 - казенное учреждение | L88: 39895 | M88: 40338 | N88: 320 | O88: 39919 | Q88: 1654003114
A89: 0311100000203 | B89: Санаторий-профилакторий | C89: Санаторий-профилакторий | D89: 801 - включена | E89: 1654003114 | F89: 165502001 | G89: 1021602835275 | H89: 0173100000107 | I89: Федеральная служба исполнения наказаний | J89: 08 - казенное учреждение | L89: 40340 | M89: 40346 | Q89: 1654003114
A90: 0311100000169 | B90: ФЕДЕРАЛЬНОЕ ГОСУДАРСТВЕННОЕ БЮДЖЕТНОЕ УЧРЕЖДЕНИЕ "ТВОРЧЕСКАЯ МАСТЕРСКАЯ ЖИВОПИСИ РОССИЙСКОЙ АКАДЕМИИ ХУДОЖЕСТВ В Г.КАЗАНИ" | C90: ТМЖ РАХ | D90: 801 - включена | E90: 1655012190 | F90: 165501001 | G90: 1021602853777 | H90: 0173100000140 | I90: Министерство Российской Федерации по делам гражданской обороны, чрезвычайным ситуациям и ликвидации последствий стихийных бедствий | J90: 08 - казенное учреждение | L90: 39936 | M90: 39972 | N90: 177 | O90: 39508 | Q90: 1655012190
A91: 0711000000005 | B91: ФЕДЕРАЛЬНОЕ ГОСУДАРСТВЕННОЕ АВТОНОМНОЕ ОБРАЗОВАТЕЛЬНОЕ УЧРЕЖДЕНИЕ ВЫСШЕГО ПРОФЕССИОНАЛЬНОГО ОБРАЗОВАНИЯ "КАЗАНСКИЙ (ПРИВОЛЖСКИЙ) ФЕДЕРАЛЬНЫЙ УНИВЕРСИТЕТ" | C91: ФГАОУ ВПО "КАЗАНСКИЙ (ПРИВОЛЖСКИЙ) ФЕДЕРАЛЬНЫЙ УНИВЕРСИТЕТ", ФГАОУ ВПО КФУ, КФУ, КАЗАНСКИЙ УНИВЕРСИТЕТ | D91: 801 - включена | E91: 1655018018 | F91: 165501001 | G91: 1021602841391 | H91: 0195100000137 | I91: МИНИСТЕРСТВО ТРУДА И СОЦИАЛЬНОЙ ЗАЩИТЫ РОССИЙСКОЙ ФЕДЕРАЦИИ | J91: 08 - казенное учреждение | L91: 39758 | M91: 39971 | N91: 149 | O91: 40137 | Q91: 1655018018
A92: 0311100000011 | B92: Федеральное бюджетное учреждение науки "Казанский научно-исследовательский институт эпидемиологии и микробиологии" Федеральной службы по надзору в сфере защиты прав потребителей и благополучия человека | C92: ФБУН КНИИЭМ Роспотребнадзора | D92: 801 - включена | E92: 1655018040 | F92: 165501001 | G92: 1021602836364 | H92: 0173100000140 | I92: Министерство Российской Федерации по делам гражданской обороны, чрезвычайным ситуациям и ликвидации последствий стихийных бедствий | J92: 08 - казенное учреждение | L92: 39760 | M92: 39972 | N92: 177 | O92: 40199 | Q92: 1655018040
A93: 0395100012579 | B93: Высшая школа управления федерального государственного бюджетного образовательного учреждения высшего профессионального образования "Казанский национальный исследовательский технологический университет" | C93: ВШУ ФГБОУ ВПО "КНИТУ" | D93: 801 - включена | E93: 1655018804 | F93: 165502003 | G93: 1021602854965 | H93: 0173100000107 | I93: Федеральная служба исполнения наказаний | J93: 08 - казенное учреждение | L93: 39864 | M93: 39971 | N93: 320 | O93: 40326 | Q93: 1655018804
A94: 0395100012576 | B94: Высшая школа иностранных языков "Лингва" федерального государственного бюджетного образовательного учреждения высшего профессионального образования "Казанский национальный исследовательский технологический университет" | C94: ВШИЯ "Лингва" ФГБОУ ВПО "КНИТУ" | D94: 801 - включена | E94: 1655018804 | F94: 165502004 | G94: 1021602854965 | H94: 0173100000107 | I94: Федеральная служба исполнения наказаний | J94: 08 - казенное учреждение | L94: 40299 | M94: 40327 | N94: 320 | O94: 39927 | Q94: 1655018804
A95: 0395100012575 | B95: Спортивный клуб федерального государственного бюджетного образовательного учреждения высшего профессионального образования "Казанский национальный исследовательский технологический университет" | C95: Спортклуб ФГБОУ ВПО "КНИТУ" | D95: 801 - включена | E95: 1655018804 | F95: 166002001 | G95: 1021602854965 | H95: 0173100000107 | I95: Федеральная служба исполнения наказаний | J95: 08 - казенное учреждение | L95: 40333 | M95: 40334 | N95: 320 | O95: 39904 | Q95: 1655018804
A96: 0395100012574 | B96: Институт дополнительного профессионального образования федерального государственного бюджетного образовательного учреждения высшего профессионального образования "Казанский национальный исследовательский технологический университет" | C96: ИДПО ФГБОУ ВПО "КНИТУ" | D96: 801 - включена | E96: 1655018804 | F96: 165502001 | G96: 1021602854965 | H96: 0173100000107 | I96: Федеральная служба исполнения наказаний | J96: 08 - казенное учреждение | L96: 40333 | M96: 40338 | N96: 320 | O96: 39554 | Q96: 1655018804
A97: 0395100012573 | B97: Казанский технологический колледж федерального государственного бюджетного образовательного учреждения высшего профессионального образования "Казанский национальный исследовательский технологический университет" | C97: КТК ФГБОУ ВПО КНИТУ | D97: 801 - включена | E97: 1655018804 | F97: 165602002 | G97: 1021602854965 | H97: 0173100000107 | I97: Федеральная служба исполнения наказаний | J97: 08 - казенное учреждение | L97: 39864 | M97: 39971 | N97: 320 | O97: 39562 | Q97: 1655018804
A98: 0395100012572 | B98: Научно-производственный центр "ПАНХИМТЕХ" федерального государственного бюджетного образовательного учреждения высшего профессионального образования "Казанский национальный исследовательский технологический университет" | C98: НПЦ "Панхимтех" ФГБОУ ВПО "КНИТУ" | D98: 801 - включена | E98: 1655018804 | F98: 165502006 | G98: 1021602854965 | H98: 0173100000107 | I98: Федеральная служба исполнения наказаний | J98: 08 - казенное учреждение | L98: 40337 | M98: 40339 | N98: 320 | O98: 39885 | Q98: 1655018804
A99: 0311100000406 | B99: Учебно-производственный комплекс федерального государственного бюджетного образовательного учреждения высшего профессионального образования "Казанский национальный исследовательский технологический университет" | C99: УПК ФГБОУ ВПО "КНИТУ" | D99: 801 - включена | E99: 1655018804 | F99: 165532002 | G99: 1021602854965 | H99: 0173100000107 | I99: Федеральная служба исполнения наказаний | J99: 08 - казенное учреждение | L99: 39864 | M99: 39971 | N99: 320 | O99: 39900 | Q99: 1655018804
A100: 0311100000378 | B100: Научно-технологический парк федерального государственного бюджетного образовательного учреждения высшего профессионального образования "Казанский национальный исследовательский технологический университет" | C100: Технопарк ФГБОУ ВПО "КНИТУ" | D100: 801 - включена | E100: 1655018804 | F100: 165531001 | G100: 1021602854965 | H100: 0173100000107 | I100: Федеральная служба исполнения наказаний | J100: 08 - казенное учреждение | L100: 39759 | M100: 39971 | N100: 320 | O100: 39956 | Q100: 1655018804
A101: 0311100000371 | B101: Казанский научно-исследовательский институт полимеров и спецкаучуков федерального государственного бюджетного образовательного учреждения высшего профессионального образования "Казанский национальный исследовательский технологический университет" | C101: НИИ полимеров и спецкаучуков ФГБОУ ВПО "КНИТУ" | D101: 801 - включена | E101: 1655018804 | F101: 165902001 | G101: 1021602854965 | H101: 0173100000107 | I101: Федеральная служба исполнения наказаний | J101: 08 - казенное учреждение | L101: 40005 | M101: 40128 | N101: 320 | O101: 39899 | Q101: 1655018804
A102: 0311100000360 | B102: Центр по разработке эластомеров федерального государственного бюджетного образовательного учреждения высшего профессионального образования "Казанский национальный исследовательский технологический университет" | C102: Центр по РЭ ФГБОУ ВПО КНИТУ | D102: 801 - включена | E102: 1655018804 | F102: 165502007 | G102: 1021602854965 | H102: 0173100000135 | I102: Министерство обороны Российской Федерации | J102: 08 - казенное учреждение | L102: 40335 | M102: 40337 | N102: 187 | O102: 40278 | Q102: 1655018804
A103: 0311100000298 | B103: Учебно-научно-производственный "Комбинат студенческого питания" федерального государственного бюджетного образовательного учреждения высшего профессионального образования "Казанский национальный исследовательский технологический университет" | C103: УНП КСП ФГБОУ ВПО "КНИТУ" | D103: 801 - включена | E103: 1655018804 | F103: 165532001 | G103: 1021602854965 | H103: 0173100000107 | I103: Федеральная служба исполнения наказаний | J103: 08 - казенное учреждение | Q103: 1655018804
A104: 0311100000229 | B104: Научно- технологический центр химии и нефтехимии федерального государственного бюджетного образовательного учреждения высшего профессионального образования "Казанский национальный исследовательский технологический университет" | C104: НТЦ химии и нефтехимии ФГБОУ ВПО "КНИТУ" | D104: 801 - включена | E104: 1655018804 | F104: 165502009 | G104: 1021602854965 | H104: 0173100000071 | I104: Федеральная служба Российской Федерации по контролю за оборотом наркотиков | J104: 08 - казенное учреждение | L104: 40365 | M104: 40367 | Q104: 1655018804
A105: 0311100000209 | B105: Высшая школа экономики федерального государственного бюджетного образовательного учреждения высшего профессионального образования "Казанский национальный исследовательский технологический университет" | C105: ВШЭ ФГБОУ ВПО "КНИТУ" | D105: 801 - включена | E105: 1655018804 | F105: 165502002 | G105: 1021602854965 | H105: 0173100000135 | I105: Министерство обороны Российской Федерации | J105: 08 - казенное учреждение | L105: 39759 | M105: 39971 | N105: 187 | O105: 40277 | Q105: 1655018804
A106: 0311100000208 | B106: Казанский межвузовский инженерный центр "Новые технологии" федерального государственного бюджетного образовательного учреждения высшего профессионального образования "Казанский национальный исследовательский технологический университет" | C106: КМИЦ "Новые технологии" ФГБОУ ВПО "КНИТУ" | D106: 801 - включена | E106: 1655018804 | F106: 165502008 | G106: 1021602854965 | H106: 0173100000107 | I106: Федеральная служба исполнения наказаний | J106: 08 - казенное учреждение | L106: 40277 | M106: 40313 | N106: 320 | O106: 40284 | Q106: 1655018804
...
